 Dungeon Crawl Stone Soup version 0.25-a0-302-g9f758675c1 (webtiles) character file.

Game seed: 12811482580741904555, levelgen mode: deterministic

3765462 mopl the Illuminatus (level 27, 232/232 HPs)
             Began as a Gnoll Venom Mage on Dec 16, 2019.
             Was a High Priest of Ashenzari.
             Escaped with the Orb
             ... and 6 runes on Dec 20, 2019!
             The game lasted 05:11:30 (84896 turns).

mopl the Illuminatus (Gnoll Venom Mage)            Turns: 84896, Time: 05:11:30

Health: 232/232    AC: 40    Str: 17    XL:     27
Magic:  47/47      EV: 33    Int: 27    God:    Ashenzari [*****.]
Gold:   3866       SH:  0    Dex: 32    Spells: 3/67 levels left

rFire    + + .     SeeInvis +   a - +8 longbow "Zephyr" {speed, Dex+3 SInv}
rCold    + + +     Gourm    .   (shield currently unavailable)
rNeg     + . .     Faith    .   X - +9 ice dragon scales of Veimm {rF- rC++ Str+4} (curse)
rPois    .         Spirit   .   s - +2 hat {MR+} (curse)
rElec    +         Reflect  .   g - scarf {rC+ rF+} (curse)
rCorr    .         Harm     .   P - +2 pair of gloves {Dex+3} (curse)
MR       +++++     Clarity  +   t - +2 pair of boots {Fly} (curse)
Stlth    +++.......             H - amulet of regeneration (curse)
HPRegen  0.88/turn              x - ring of Xostom Xoit {+Fly rF++ rN+ MR+} (curse)
MPRegen  0.30/turn              B - ring of Luxat {rElec Str-3 Dex+8 Slay+5} (curse)

@: flying, hasted, deflect missiles, very quick
A: distributed training, fangs 1, molten scales 1, rugged brown scales 1, blurry
vision 1, clever 2, magic resistance 1, sense surroundings 1, strong nose
0: Orb of Zot
}: 6/15 runes: decaying, slimy, silver, abyssal, demonic, gossamer
a: Curse Item, Scrying, Renounce Religion, Stop Flying


You escaped.
You worshipped Ashenzari.
Ashenzari was extremely pleased with you.
You were not hungry.

You visited 13 branches of the dungeon, and saw 59 of its levels.
You visited Pandemonium 1 time, and saw 6 of its levels.
You visited the Abyss 6 times.
You visited 1 bazaar.
You also visited: Trove, Ice Cave, Volcano and Wizlab.

You collected 9377 gold pieces.
You spent 5511 gold pieces at shops.

Inventory:

Hand Weapons
 a - the +8 longbow "Zephyr" (weapon) {speed, Dex+3 SInv}
   (You found it on level 13 of the Dungeon)

   Attacks with this weapon are significantly faster.
   It affects your dexterity (+3).
   It lets you see invisible.
 b - a +9 lajatang of flaming
 r - the +9 sword of Zonguldrok {reap}
   (You took it off a skeletal warrior in a wizard's laboratory)

   If a monster killed with it leaves a corpse in good enough shape, the corpse
   will be animated as a zombie friendly to the killer.
 L - the +9 heavy crossbow "Sniper" {velocity, Acc+∞ SInv}
   (You found it on level 2 of the Vaults)

   Any bolt fired from it inflicts extra damage.
   It lets you see invisible.
 Y - the +8 frozen axe "Frostbite" {freezing cloud, *Noise +Fly rC+}
   (You found it on level 2 of the Swamp)

   It has been specially enchanted to freeze those struck by it, causing extra
   injury to most foes and up to half again as much damage against particularly
   susceptible opponents.
   It can also slow down cold-blooded creatures.
   It protects you from cold.
   It lets you fly.
   It may make noises in combat.
Missiles
 A - 1440 arrows
 D - 2120 bolts
 F - 29 silver javelins
 V - 43 atropa-tipped darts
 W - 10 boomerangs of dispersal
Armour
 f - the +6 faerie dragon scales (quivered) {rPois rN+ MR+ rCorr Dex+3}
   (You found it on level 4 of the Depths)

   It affects your dexterity (+3).
   It protects you from poison.
   It protects you from negative energy.
   It affects your resistance to hostile enchantments.
   It provides partial protection from all sources of acid and corrosion.
 g - a cursed scarf of resistance (worn)
 s - a cursed +2 hat of magic resistance (worn)
 t - a cursed +2 pair of boots of flying (worn)
 P - a cursed +2 pair of gloves of dexterity (worn)
 X - the cursed +9 ice dragon scales of Veimm (worn) {rF- rC++ Str+4}
   (You found it on level 3 of the Crypt)

   It affects your strength (+4).
   It makes you vulnerable to fire.
   It greatly protects you from cold.
   It has a curse placed upon it.
Jewellery
 h - the ring of Jexabb {rPois MR+ Dex+4}
   (You found it on level 8 of the Dungeon)

   [ring of protection from magic]

   It affects your dexterity (+4).
   It protects you from poison.
   It affects your resistance to hostile enchantments.
 x - the cursed ring of Xostom Xoit (left hand) {+Fly rF++ rN+ MR+}
   (You bought it in a shop in a bazaar)

   [ring of positive energy]

   It greatly protects you from fire.
   It protects you from negative energy.
   It affects your resistance to hostile enchantments.
   It lets you fly.
   It has a curse placed upon it.
 B - the cursed ring of Luxat (right hand) {rElec Str-3 Dex+8 Slay+5}
   (You bought it in a shop in a bazaar)

   [ring of slaying]

   It affects your strength (-3).
   It affects your dexterity (+8).
   It affects your accuracy and damage with ranged weapons and melee attacks
   (+5).
   It insulates you from electricity.
   It has a curse placed upon it.
 H - a cursed amulet of regeneration (around neck)
 I - an uncursed amulet of faith {!P}
Wands
 p - a wand of clouds (2)
 v - a wand of digging (7)
 O - a wand of scattershot (15)
 S - a wand of acid (29)
Scrolls
 e - 36 scrolls of remove curse
 n - 7 scrolls of fog
 u - 19 scrolls of teleportation
 w - 3 scrolls of blinking
 E - 31 scrolls of identify
 G - 2 scrolls of summoning
 K - 5 scrolls of vulnerability
 Q - 5 scrolls of fear
Potions
 j - 7 potions of might
 k - 6 potions of haste
 l - 18 potions of curing
 m - 17 potions of heal wounds
 q - 4 potions of resistance
 y - 15 potions of brilliance
 z - 4 potions of magic
 J - 5 potions of cancellation
 M - 8 potions of agility
 T - 9 potions of ambrosia
Miscellaneous
 d - a lightning rod (4/4)
 i - a phial of floods
 o - a lamp of fire
 C - the horn of Geryon
 N - a fan of gales
 R - 2 sacks of spiders
 U - 3 boxes of beasts
Comestibles
 c - 88 rations


   Skills:
 + Level 20.5 Fighting
 + Level 20.5 Short Blades
 + Level 20.5 Long Blades
 + Level 20.5 Axes
 + Level 20.5 Maces & Flails
 + Level 20.5 Polearms
 + Level 20.5 Staves
 + Level 20.5 Slings
 + Level 20.5 Bows
 + Level 21.8 Crossbows
 + Level 20.5 Throwing
 + Level 20.5(23.5) Armour
 + Level 20.8(23.8) Dodging
 + Level 20.7 Stealth
 + Level 20.5 Shields
 + Level 20.5 Unarmed Combat
 + Level 20.9 Spellcasting
 + Level 17.7(21.0) Conjurations
 + Level 17.7(21.0) Hexes
 + Level 17.7(21.0) Charms
 + Level 17.7(21.0) Summonings
 + Level 17.7(21.0) Necromancy
 + Level 17.7(21.0) Translocations
 + Level 17.8(21.1) Transmutations
 + Level 17.7(21.0) Fire Magic
 + Level 17.7(21.0) Ice Magic
 + Level 17.7(21.0) Air Magic
 + Level 17.7(21.0) Earth Magic
 + Level 18.3(21.5) Poison Magic
 + Level 21.9 Invocations
 + Level 20.5(23.5) Evocations


You had 3 spell levels left.
You knew the following spells:

 Your Spells              Type           Power        Failure   Level  Hunger
a - Apportation           Tloc           ######       0%          1    None
b - Summon Butterflies    Summ           #######.     0%          1    None
c - Death's Door          Chrm/Necr      #######...   3%          8    #####..
d - Mephitic Cloud        Conj/Pois/Air  #######.     0%          3    None
e - Blink                 Tloc           N/A          0%          2    None
f - Petrify               Tmut/Erth      #######.     0%          4    None
g - Ignite Poison         Fire/Tmut/Pois #######.     0%          3    None
h - Irradiate             Conj/Tmut      #######...   0%          5    None
i - Invisibility          Hex            #######.     1%          6    None
o - Olgreb's Toxic Radia  Pois           #######.     0%          4    None
r - Regeneration          Chrm/Necr      #######...   0%          3    None
v - Borgnjor's Vile Clut  Necr/Erth      #######...   0%          5    None
y - Yara's Violent Unrav  Hex/Tmut       #######...   0%          5    None
C - Controlled Blink      Tloc           N/A          3%          8    #####..
D - Deflect Missiles      Chrm/Air       #######...   1%          6    None

Your spell library contained the following spells:

 Spells                   Type           Power        Failure   Level  Hunger
 Animate Skeleton         Necr           N/A          0%          1    None
 Beastly Appendage        Tmut           ######       0%          1    None
 Confusing Touch          Hex            ######       0%          1    None
 Foxfire                  Conj/Fire      ####         0%          1    None
 Freeze                   Ice            ####         0%          1    None
 Infusion                 Chrm           ####         0%          1    None
 Magic Dart               Conj           ####         0%          1    None
 Pain                     Necr           ####         0%          1    None
 Shock                    Conj/Air       ####         0%          1    None
 Sting                    Tmut/Pois      ####         0%          1    None
 Summon Small Mammal      Summ           ####         0%          1    None
 Call Imp                 Summ           #######.     0%          2    None
 Ensorcelled Hibernation  Hex/Ice        ######       0%          2    None
 Poisonous Vapours        Pois/Air       ######       0%          2    None
 Searing Ray              Conj           ######       0%          2    None
 Shroud of Golubria       Chrm/Tloc      ######       0%          2    None
 Slow                     Hex            #######.     0%          2    None
 Song of Slaying          Chrm           #######.     0%          2    None
 Sticks to Snakes         Tmut           #######.     0%          2    None
 Sublimation of Blood     Necr           #######...   0%          2    None
 Call Canine Familiar     Summ           #######.     0%          3    None
 Confuse                  Hex            #######.     0%          3    None
 Conjure Flame            Conj/Fire      #######.     0%          3    None
 Dazzling Flash           Conj/Hex       ######       0%          3    None
 Gell's Gravitas          Tloc           #######...   0%          3    None
 Inner Flame              Hex/Fire       #######.     0%          3    None
 Lesser Beckoning         Tloc           #######...   0%          3    None
 Ozocubu's Armour         Chrm/Ice       #######.     0%          3    None
 Spectral Weapon          Hex/Chrm       #######.     0%          3    None
 Spider Form              Tmut/Pois      #######...   0%          3    None
 Static Discharge         Conj/Air       #######.     0%          3    None
 Summon Guardian Golem    Hex/Summ       #######.     0%          3    None
 Teleport Other           Tloc           #######.     0%          3    None
 Tukima's Dance           Hex            #######.     0%          3    None
 Vampiric Draining        Necr           #######...   0%          3    None
 Animate Dead             Necr           N/A          0%          4    None
 Cause Fear               Hex            #######...   0%          4    None
 Fulminant Prism          Conj/Hex       #######...   0%          4    None
 Hailstorm                Conj/Ice       #######.     0%          4    None
 Ice Form                 Ice/Tmut       #######.     0%          4    None
 Iskenderun's Mystic Bla  Conj/Tloc      #######.     0%          4    None
 Sticky Flame             Conj/Fire      #######.     0%          4    None
 Summon Ice Beast         Ice/Summ       #######.     0%          4    None
 Summon Lightning Spire   Summ/Air       #######.     0%          4    None
 Alistair's Intoxication  Tmut/Pois      #######.     0%          5    None
 Blade Hands              Tmut           #######...   0%          5    None
 Excruciating Wounds      Chrm/Necr      #######...   0%          5    None
 Fireball                 Conj/Fire      #######...   0%          5    None
 Lightning Bolt           Conj/Air       #######...   0%          5    None
 Metabolic Englaciation   Hex/Ice        #######...   0%          5    None
 Silence                  Hex/Air        #######...   0%          5    None
 Conjure Ball Lightning   Conj/Air       #######...   1%          6    None
 Darkness                 Hex            #######...   1%          6    None
 Freezing Cloud           Conj/Ice/Air   #######...   1%          6    None
 Hydra Form               Tmut           #######...   1%          6    None
 Iron Shot                Conj/Erth      #######...   1%          6    None
 Ozocubu's Refrigeration  Ice            #######...   1%          6    None
 Shadow Creatures         Summ           N/A          1%          6    None
 Starburst                Conj/Fire      #######...   1%          6    None
 Statue Form              Tmut/Erth      #######..    1%          6    None
 Dragon Form              Tmut           #######...   1%          7    ####...
 Haunt                    Necr/Summ      #######...   1%          7    ####...
 Ring of Flames           Chrm/Fire      #######...   1%          7    ####...
 Borgnjor's Revivificati  Necr           #######...   3%          8    #####..
 Discord                  Hex            #######...   3%          8    #####..
 Ignition                 Fire           #######...   3%          8    #####..
 Infestation              Necr           #######...   3%          8    #####..
 Necromutation            Tmut/Necr      #######...   3%          8    #####..
 Shatter                  Erth           #######...   45%         9    #######
 Tornado                  Air            #######...   45%         9    #######
 Passage of Golubria      Tloc           Unusable     N/A         4    N/A

Dungeon Overview and Level Annotations

Branches:
Dungeon (15/15)            Temple (1/1) D:7            Lair (6/6) D:11
  Swamp (4/4) Lair:4       Spider (4/4) Lair:3        Slime (5/5) Lair:5
    Orc (2/2) D:12            Elf (3/3) Orc:2        Vaults (5/5) D:13
  Crypt (3/3) Vaults:3       Tomb (0/3) Crypt:3      Depths (5/5) D:15
   Hell (visited)             Dis (0/7) Hell            Geh (0/7) Hell
    Coc (0/7) Hell            Tar (0/7) Hell            Zot (5/5) Depths:5
  IceCv (visited)         Volcano (visited)          WizLab (visited)

Altars:
Ashenzari
Cheibriados
Dithmenos
Elyvilon
Fedhas
Gozag
Hepliaklqana
Kikubaaqudgha
Makhleb
Nemelex Xobeh
Okawaru
Qazlal
Ru
Sif Muna
Trog
Uskayaw
Vehumet
Wu Jian
Xom
Yredelemnul
Zin
The Shining One
Beogh
Jiyva

Shops:
D:4 *   D:10 (   D:14 }   Orc:2 *([=   Elf:3 [   Vaults:1 (   Depths:5 *

Portals:
Hell: Depths:1 Depths:2 Depths:3 Depths:4 Depths:5
Abyss: Depths:2 Depths:3 Depths:4
Pandemonium: Depths:2 Depths:3
Ziggurat: Depths:5

Annotations:
Elf:3 Ice manual
Depths:1 PDA
Depths:4 faith


Innate Abilities, Weirdness & Mutations

Your experience applies equally to all skills.
You have very sharp teeth.
Your uncanny sense of smell can sniff out nearby items.
You are partially covered in molten scales. (AC +2)
You are partially covered in rugged brown scales. (AC +1, +3% HP)
Scrolls take you a little longer to read.
Your mind is very acute. (Int +4)
You are resistant to hostile enchantments. (MR+)
You passively map a small area around you.


Message History

You are not bound in jewellery.
You are slightly bound.
Quiver which item? (- for none, * to show all) (? for menu, Esc to quit)
Quivering
f - the +6 faerie dragon scales {rPois rN+ MR+ rCorr Dex+3} for throwing.
Really put on
I - an uncursed amulet of faith {!P}?
You remove your amulet of regeneration.
You feel a surge of divine interest.
I - an amulet of faith (around neck) {!P} Really remove
I - an amulet of faith {!P}?
You remove your amulet of faith {!P}.
Ashenzari seems less interested in you.
You feel less pious.
The amulet throbs as it attunes itself to your uninjured body.
H - an amulet of regeneration (around neck)
Okay, then.
Curse which item? (38 remove curse scrolls left) (Esc to abort) (? for menu, Esc to quit)
Your amulet of regeneration glows black for a moment.
You are partially bound in jewellery.
You are moderately bound.
Curse which item? (37 remove curse scrolls left) (Esc to abort) (? for menu, Esc to quit)
Your ring of Luxat {rElec Str-3 Dex+8 Slay+5} glows black for a moment.
You are fully bound in jewellery.
You have escaped!

#.# #.##.#'###'#.###.#..# #..
#.# #....#.≈#≈.#.###.#..# #..
#.# ####.#.≈≈≈.#.♣.♣.♣..# #..
#.# #####.#.≈8≈.#........# #..
#.# #....>#.....#.♣..)♣#.# #..
#.# #####.#♣...♣#.#...##.###..
#.# #.#P♣.♣P#.♣.♣.♣>......
##.#######.##P.P##.#.##...#....
#..........#P#@#P#..........#[.
##########.##.♣.##..........+..
#..#♣#♣#...........#.. ##.##
#.#....######## #..# ##...####
##.###...## #.#....## #...##.#
######.#


There were no monsters in sight!

Vanquished Creatures
  the Royal Jelly (Slime:5)
  Mara (Swamp:3)
  6 orbs of fire
  A juggernaut (Depths:5)
  14 ancient liches
  The ghost of Pofumik the Slayer, a veteran MiFi of Okawaru (Vaults:1)
  9 Killer Klowns
  A shard shrike (Zot:2)
  2 curse toes
  A caustic shrike (Depths:3)
  13 golden dragons
  2 profane servitors
  Geryon (Hell)
  Jory (Vaults:5)
  5 bone dragons
  A pearl dragon (Depths:1)
  5 electric golems
  A Brimstone Fiend (Pan)
  2 Tzitzimimeh (Pan)
  25 Orb Guardians (Zot:5)
  Rupert (Lair:3)
  2 hellephants
  23 tentacled monstrosities
  5 titans
  8 liches
  2 deep elf blademasters
  3 deep elf master archers (Elf:3)
  6 quicksilver dragons
  16 acid blobs
  7 ancient champions
  11 death cobs
  10 tentacled starspawn
  2 Executioners (Pan)
  Kirke (Swamp:2)
  10 sphinxes
  7 shadow dragons
  14 storm dragons
  6 tengu reavers
  3 revenants
  6 azure jellies
  A daeva (Pan)
  7 draconian monks
  Roxanne (Swamp:1)
  Donald (Orc:2)
  9 fire giants
  An iron dragon (Depths:5)
  14 vault wardens
  4 draconian knights
  6 frost giants
  5 ghost moths
  3 balrugs
  9 draconian scorchers
  An orc warlord (Orc:2)
  An angel (Abyss:3)
  13 deep elf sorcerers
  A curse skull (Crypt:3)
  A ghoul (Crypt:3)
  8 emperor scorpions
  3 cacodemons
  7 draconian annihilators
  15 reapers
  16 ironheart preservers
  5 deep elf elementalists
  5 draconian shifters
  7 spriggan defenders
  An ophan (Depths:1)
  10 draconian stormcallers
  2 blood saints (Pan)
  18 stone giants
  21 very ugly things
  A war gargoyle (Hell)
  6 caustic shrike skeletons (Depths:4)
  An apis (Depths:1)
  3 vampire knights
  A corrupter (Pan)
  5 entropy weavers
  6 green draconians
  Azrael (D:15)
  10 yellow draconians
  13 deep elf demonologists
  4 lorocyprocas (Hell)
  10 deep elf annihilators
  A dire elephant (Depths:3)
  17 red draconians
  3 black suns (Pan)
  4 purple draconians
  7 black draconians
  10 spark wasps
  14 white draconians
  4 eidola
  9 blizzard demons
  6 deep elf death magi
  2 quicksilver dragon zombies
  11 fire dragons
  A death ooze (Slime:5)
  7 crystal guardians
  14 ettins
  5 green deaths
  A kraken zombie (Hell)
  9 deep elf high priests
  21 yaktaur captains
  11 great orbs of eyes
  11 ice dragons
  Fannar (Lair:3)
  9 spriggan air magi
  A rakshasa (Vaults:2)
  4 monstrous demonspawn
  3 hell beasts
  30 hydras
  4 shambling mangroves
  A juggernaut simulacrum (Pan)
  31 vault guards
  A ghost crab (Swamp:3)
  An ice dragon (shapeshifter) (Depths:2)
  5 death knights
  2 catoblepae (Depths:3)
  5 anacondas
  12 centaur warriors
  61 two-headed ogres
  29 dancing weapons
  7 deep troll shamans
  20 death yaks
  14 alligators
  5 hell hogs (Hell)
  3 tengu warriors
  18 ogre magi
  10 deep troll earth magi
  5 vampire magi
  23 thrashing horrors
  3 orc high priests
  20 deep elf knights
  36 large abominations
  15 spriggan berserkers
  11 soul eaters
  A hell knight (Vaults:5)
  A fire crab (shapeshifter) (D:14)
  4 titan skeletons
  10 sixfirhies
  3 iron trolls
  9 wretched stars
  An iron giant zombie (Crypt:3)
  33 skeletal warriors
  9 sun demons
  6 shadow wraiths
  An anaconda zombie (Crypt:3)
  The ghost of grouchysmurf the Fighter, a novice OgHu of Okawaru (D:7)
  An entropy weaver zombie (Crypt:3)
  2 spatial maelstroms (Abyss:3)
  8 unseen horrors
  17 spriggan druids
  31 deep trolls
  A swamp dragon (shapeshifter) (Depths:5)
  3 gelid demonspawn (Pan)
  4 glowing orange brains
  3 shadow demons
  9 wizards
  7 flayed ghosts
  18 deep elf archers
  An obsidian statue (Depths:5)
  6 phantasmal warriors
  20 orc knights
  17 swamp dragons
  3 lindwurms (Depths:3)
  A tengu zombie (Depths:2)
  4 wolf spider zombies
  18 ironbrand convokers
  12 harpies
  15 orb spiders
  A mana viper (Abyss:4)
  7 necromancers
  70 deep elf magi
  6 orc sorcerers
  8 shining eyes
  An iron dragon skeleton (Crypt:3)
  An oklob plant (Lair:3)
  32 wolf spiders
  4 manticores
  2 fire giant zombies
  A draconian (Zot:1)
  2 worldbinders
  2 shadow dragon skeletons
  A guardian serpent (Lair:6)
  12 elephants
  A frost giant zombie (Crypt:3)
  A spectral shock serpent (Crypt:3)
  27 moths of wrath
  6 cyclopes
  6 toenail golems
  42 ugly things
  2 centaur zombies
  A human skeleton (Vaults:4)
  5 ice statues
  5 rust devils
  14 black mambas
  13 vault sentinels
  Maurice (D:11)
  2 apocalypse crabs
  5 smoke demons
  Joseph (D:7)
  2 storm dragon simulacra
  An alligator snapping turtle zombie (Crypt:2)
  6 centaur skeletons
  2 eyes of devastation
  2 gargoyles
  6 orange demons
  18 spiny frogs
  3 rime drakes
  10 komodo dragons
  19 small abominations
  A white draconian zombie (Crypt:2)
  3 tormentors (Hell)
  5 hellions
  10 ancient zymes
  6 ice devils
  13 freezing wraiths
  4 efreet
  A yaktaur (shapeshifter) (Vaults:5)
  2 tengu conjurers
  An anaconda simulacrum (Hell)
  2 kobold demonologists (D:15)
  63 yaktaurs
  7 demonic crawlers
  A redback zombie (Crypt:2)
  4 guardian mummies (Crypt:3)
  25 jumping spiders
  A sea snake skeleton (Crypt:1)
  A pale draconian skeleton (Crypt:3)
  3 polar bears
  2 meliai (shapeshifter)
  12 tyrant leeches
  A wind drake (Abyss:4)
  6 red devils
  14 trolls
  3 hydra zombies (Hell)
  An ettin zombie (Hell)
  37 hornets
  A wind drake (shapeshifter) (Depths:2)
  86 slime creatures
  20 raiju
  A hippogriff (shapeshifter) (Depths:2)
  2 blink frogs (shapeshifter)
  11 hippogriffs
  An alligator zombie (Hell)
  11 bog bodies
  2 frost giant simulacra
  An alligator skeleton (Hell)
  18 blink frogs
  4 vampires
  12 ynoxinuls
  2 ice dragon skeletons (Crypt:3)
  A tarantella (shapeshifter) (Depths:3)
  73 redbacks
  53 spriggans
  2 flying skulls (Crypt:3)
  8 water elementals
  2 air elementals
  2 shadows
  21 tarantellas
  10 wyverns
  Eustachio (D:5)
  A dire elephant simulacrum (Hell)
  2 ettin skeletons
  3 hungry ghosts
  60 yaks
  13 fire elementals
  9 wraiths
  3 fire bats (Abyss:3)
  4 hogs (Swamp:2)
  A basilisk (D:11)
  18 neqoxecs
  A hog (shapeshifter) (D:13)
  11 golden eyes
  3 human simulacra
  A golden eye (shapeshifter) (Vaults:5)
  23 vampire mosquitoes
  8 chaos spawn
  Menkaure (D:7)
  5 two-headed ogre zombies (WizLab)
  4 wargs
  A naga (shapeshifter) (Vaults:5)
  A monstrous demonspawn zombie (Crypt:2)
  15 swamp worms
  7 insubstantial wisps
  4 acid dragons
  2 monstrous demonspawn skeletons
  A spatial vortex (Abyss:3)
  20 water moccasins
  2 floating eyes (shapeshifter)
  13 hell hounds
  3 hydra simulacra
  3 porcupines
  A deep troll skeleton (Crypt:1)
  3 spiny frog zombies
  17 swamp drakes
  3 sky beasts
  37 orc warriors
  7 eyes of draining
  12 ice beasts
  2 black bears
  2 manticore zombies
  2 spiny frog skeletons (Hell)
  An elf zombie (Vaults:1)
  2 necrophages
  4 phantoms
  36 ogres
  An alligator simulacrum (Hell)
  10 wolves
  11 boggarts
  An elephant skeleton (Crypt:1)
  13 crocodiles
  35 centaurs
  A crocodile (shapeshifter) (Vaults:5)
  2 big kobolds (D:7)
  Blork the orc (D:6)
  A human zombie (Vaults:1)
  15 bullfrogs
  3 earth elementals
  A glowing shapeshifter simulacrum (Depths:2)
  2 wyvern zombies
  A spiny frog simulacrum (Abyss:3)
  2 wyvern skeletons
  A spriggan zombie (Hell)
  2 scorpions
  An elf simulacrum (Vaults:3)
  A snapping turtle simulacrum (Hell)
  8 troll zombies (WizLab)
  17 wights
  4 killer bees
  3 electric eels
  12 crimson imps
  2 bullfrog zombies (D:11)
  38 starcursed masses
  A demonspawn zombie (Crypt:1)
  A basilisk zombie (Crypt:1)
  9 hounds
  4 jellies
  32 orc wizards
  3 quasits
  19 orc priests
  5 iron imps
  Jessica (D:3)
  A porcupine zombie (Crypt:2)
  2 iguanas
  7 hell rats (Hell)
  Natasha (thrice) (D:3)
  10 worker ants
  A killer bee zombie (D:10)
  3 ogre zombies (WizLab)
  A felid skeleton (Crypt:2)
  2 felid zombies
  A big kobold zombie (Crypt:2)
  A hound zombie (D:8)
  2 hound skeletons
  A howler monkey skeleton (D:11)
  Robin (D:2)
  2 river rats (Lair:1)
  8 adders
  A swamp drake zombie (Crypt:3)
  3 shadow imps
  16 white imps
  5 oozes (D:8)
  4 worms
  2 adder skeletons
  An adder zombie (Crypt:3)
  A barachi skeleton (Crypt:2)
  2 leopard geckos
  127 orcs
  5 bats
  A giant cockroach (D:2)
  A gnoll zombie (Crypt:1)
  12 goblins
  14 hobgoblins
  8 jackals
  12 kobolds
  6 quokkas
  2 ball pythons
  4 frilled lizards
  A frilled lizard skeleton (Crypt:3)
  A giant cockroach zombie (D:5)
  A hobgoblin zombie (Crypt:1)
  A jackal skeleton (Crypt:2)
  A leopard gecko zombie (D:6)
  A quokka zombie (D:8)
  11 rats
  6 bushes
  A butterfly (Lair:6)
  3 crawling corpses
  2 fungi
  17 plants
  11 starspawn tentacles
3222 creatures vanquished.

Vanquished Creatures (collateral kills)
  An ancient lich (WizLab)
  A Killer Klown (Zot:1)
  A two-headed ogre (Vaults:1)
  An orc knight (Vaults:1)
  A slime creature (Depths:3)
  A yaktaur (Vaults:1)
  A warg (Vaults:1)
  An acid dragon (Vaults:1)
  2 ogres (Vaults:1)
10 creatures vanquished.

Vanquished Creatures (others)
  the Enchantress (Depths:4)
  A draconian knight (Zot:2)
  A deep elf sorcerer (Elf:3)
  A deep elf death mage (Elf:3)
  A blizzard demon (Abyss:3)
  A fire dragon (Depths:5)
  An ogre mage (Vaults:2)
  A thrashing horror (Abyss:5)
  A spatial maelstrom (Depths:4)
  A deep elf mage (Elf:1)
  A demonic crawler (Hell)
  A hornet (Swamp:4)
  A small abomination (Abyss:3)
  An orc warrior (Vaults:1)
  An ogre (Vaults:2)
  2 white imps (D:15)
  2 bushes (Abyss:1)
  2 demonic plants (Pan)
  21 fungi
  13 plants
  21 starspawn tentacles
  5 tentacles (Hell)
81 creatures vanquished.

Grand Total: 3313 creatures vanquished

Notes
Turn   | Place    | Note
-------+----------+-------------------------------------------
     0 | D:1      | mopl the Gnoll Venom Mage began the quest for the Orb.
     0 | D:1      | Reached XP level 1. HP: 13/13 MP: 6/6
   111 | D:1      | Reached skill level 2 in Transmutations
   201 | D:1      | Reached XP level 2. HP: 19/19 MP: 5/7
   488 | D:1      | Learned a level 2 spell: Poisonous Vapours
  1211 | D:2      | Noticed Robin
  1230 | D:2      | Killed Robin
  1230 | D:2      | Reached skill level 5 in Spellcasting
  1230 | D:2      | Reached XP level 3. HP: 25/25 MP: 0/9
  1339 | D:2      | Reached skill level 1 in Invocations
  1562 | D:2      | Learned a level 3 spell: Mephitic Cloud
  1566 | D:2      | Learned a level 3 spell: Ignite Poison
  1743 | D:2      | Reached skill level 1 in Fighting
  1743 | D:2      | Reached skill level 1 in Short Blades
  1743 | D:2      | Reached skill level 1 in Long Blades
  1743 | D:2      | Reached skill level 1 in Axes
  1743 | D:2      | Reached skill level 1 in Maces & Flails
  1743 | D:2      | Reached skill level 1 in Polearms
  1743 | D:2      | Reached skill level 1 in Staves
  1743 | D:2      | Reached skill level 1 in Slings
  1743 | D:2      | Reached skill level 1 in Bows
  1743 | D:2      | Reached skill level 1 in Crossbows
  1743 | D:2      | Reached skill level 1 in Throwing
  1743 | D:2      | Reached skill level 1 in Armour
  1743 | D:2      | Reached skill level 1 in Shields
  1743 | D:2      | Reached skill level 1 in Unarmed Combat
  1743 | D:2      | Reached skill level 1 in Evocations
  1743 | D:2      | Reached XP level 4. HP: 32/32 MP: 9/11
  1776 | D:2      | Learned a level 4 spell: Olgreb's Toxic Radiance
  1784 | D:2      | Found a shadowy altar of Dithmenos.
  1825 | D:2      | Reached skill level 1 in Conjurations
  1825 | D:2      | Reached skill level 1 in Hexes
  1825 | D:2      | Reached skill level 1 in Charms
  1825 | D:2      | Reached skill level 1 in Summonings
  1825 | D:2      | Reached skill level 1 in Necromancy
  1825 | D:2      | Reached skill level 1 in Translocations
  1825 | D:2      | Reached skill level 1 in Fire Magic
  1825 | D:2      | Reached skill level 1 in Ice Magic
  1825 | D:2      | Reached skill level 1 in Air Magic
  1825 | D:2      | Reached skill level 1 in Earth Magic
  2001 | D:2      | Reached XP level 5. HP: 37/37 MP: 12/12
  2500 | D:3      | Found a stormy altar of Qazlal.
  2501 | D:3      | Noticed Natasha
  2512 | D:3      | Killed Natasha
  2515 | D:3      | Noticed Jessica
  2518 | D:3      | Killed Jessica
  2558 | D:3      | Noticed Natasha
  2565 | D:3      | Killed Natasha
  2759 | D:3      | Noticed Natasha
  2766 | D:3      | Killed Natasha
  2766 | D:3      | Reached XP level 6. HP: 32/44 MP: 8/13
  2783 | D:3      | Found a radiant altar of Vehumet.
  2783 | D:3      | Found an ornate altar of the Wu Jian Council.
  2784 | D:3      | Found a bloodstained altar of Trog.
  2899 | D:4      | Reached skill level 2 in Invocations
  3146 | D:4      | Reached skill level 5 in Dodging
  3150 | D:4      | Reached skill level 2 in Fighting
  3150 | D:4      | Reached skill level 2 in Short Blades
  3150 | D:4      | Reached skill level 2 in Long Blades
  3150 | D:4      | Reached skill level 2 in Axes
  3150 | D:4      | Reached skill level 2 in Maces & Flails
  3150 | D:4      | Reached skill level 2 in Polearms
  3150 | D:4      | Reached skill level 2 in Staves
  3150 | D:4      | Reached skill level 2 in Slings
  3150 | D:4      | Reached skill level 2 in Bows
  3150 | D:4      | Reached skill level 2 in Crossbows
  3150 | D:4      | Reached skill level 2 in Throwing
  3150 | D:4      | Reached skill level 2 in Armour
  3150 | D:4      | Reached skill level 2 in Shields
  3150 | D:4      | Reached skill level 2 in Unarmed Combat
  3150 | D:4      | Reached skill level 2 in Evocations
  3262 | D:4      | Reached XP level 7. HP: 42/50 MP: 4/15
  3332 | D:4      | Found Gofamm's General Store.
  3335 | D:4      | Bought a scroll of magic mapping for 49 gold pieces
  3335 | D:4      | Bought a scroll of noise for 14 gold pieces
  3335 | D:4      | Bought a scroll of magic mapping for 49 gold pieces
  3335 | D:4      | Bought a scroll of identify for 28 gold pieces
  3335 | D:4      | Bought a scroll of identify for 28 gold pieces
  3372 | D:4      | Reached skill level 2 in Conjurations
  3372 | D:4      | Reached skill level 2 in Hexes
  3372 | D:4      | Reached skill level 2 in Charms
  3372 | D:4      | Reached skill level 2 in Summonings
  3372 | D:4      | Reached skill level 2 in Necromancy
  3372 | D:4      | Reached skill level 2 in Translocations
  3372 | D:4      | Reached skill level 2 in Fire Magic
  3372 | D:4      | Reached skill level 2 in Ice Magic
  3372 | D:4      | Reached skill level 2 in Air Magic
  3372 | D:4      | Reached skill level 2 in Earth Magic
  3462 | D:5      | Entered Level 5 of the Dungeon
  3524 | D:5      | Found a burning altar of Makhleb.
  3531 | D:5      | Reached skill level 3 in Transmutations
  3599 | D:5      | Reached skill level 5 in Stealth
  3627 | D:5      | Noticed Eustachio
  3635 | D:5      | Killed Eustachio
  3635 | D:5      | Reached skill level 6 in Poison Magic
  3635 | D:5      | Reached skill level 3 in Invocations
  3635 | D:5      | Reached XP level 8. HP: 57/57 MP: 7/16
  3786 | D:5      | Reached skill level 3 in Fighting
  3786 | D:5      | Reached skill level 3 in Short Blades
  3786 | D:5      | Reached skill level 3 in Long Blades
  3786 | D:5      | Reached skill level 3 in Axes
  3786 | D:5      | Reached skill level 3 in Maces & Flails
  3786 | D:5      | Reached skill level 3 in Polearms
  3786 | D:5      | Reached skill level 3 in Staves
  3786 | D:5      | Reached skill level 3 in Slings
  3786 | D:5      | Reached skill level 3 in Bows
  3786 | D:5      | Reached skill level 3 in Crossbows
  3786 | D:5      | Reached skill level 3 in Throwing
  3786 | D:5      | Reached skill level 3 in Armour
  3786 | D:5      | Reached skill level 3 in Shields
  3786 | D:5      | Reached skill level 3 in Unarmed Combat
  3786 | D:5      | Reached skill level 3 in Evocations
  4161 | D:6      | Reached skill level 6 in Spellcasting
  4226 | D:6      | Noticed Blork the orc
  4239 | D:6      | Killed Blork the orc
  4638 | D:6      | Found a basalt altar of Yredelemnul.
  4836 | D:7      | Reached skill level 3 in Conjurations
  4836 | D:7      | Reached skill level 3 in Hexes
  4836 | D:7      | Reached skill level 3 in Charms
  4836 | D:7      | Reached skill level 3 in Summonings
  4836 | D:7      | Reached skill level 3 in Necromancy
  4836 | D:7      | Reached skill level 3 in Translocations
  4836 | D:7      | Reached skill level 3 in Fire Magic
  4836 | D:7      | Reached skill level 3 in Ice Magic
  4836 | D:7      | Reached skill level 3 in Air Magic
  4836 | D:7      | Reached skill level 3 in Earth Magic
  4836 | D:7      | Reached skill level 4 in Invocations
  4980 | D:7      | Noticed grouchysmurf's ghost (novice OgHu)
  4980 | D:7      | Noticed a moth of wrath
  4981 | D:7      | Found a bloodstained altar of Trog.
  4983 | D:7      | Identified the +6 whip of the Spheres {slash, Str+4 SInv}
  4996 | D:7      | Found a transporter.
  4998 | D:7      | Found a transporter.
  5043 | D:7      | Found a staircase to the Ecumenical Temple.
  5043 | D:7      | Noticed Joseph
  5045 | D:7      | Reached skill level 6 in Dodging
  5045 | D:7      | Reached XP level 9. HP: 65/65 MP: 18/18
  5064 | D:7      | Killed Joseph
  5064 | D:7      | Reached skill level 4 in Fighting
  5064 | D:7      | Reached skill level 4 in Short Blades
  5064 | D:7      | Reached skill level 4 in Long Blades
  5064 | D:7      | Reached skill level 4 in Axes
  5064 | D:7      | Reached skill level 4 in Maces & Flails
  5064 | D:7      | Reached skill level 4 in Polearms
  5064 | D:7      | Reached skill level 4 in Staves
  5064 | D:7      | Reached skill level 4 in Slings
  5064 | D:7      | Reached skill level 4 in Bows
  5064 | D:7      | Reached skill level 4 in Crossbows
  5064 | D:7      | Reached skill level 4 in Throwing
  5064 | D:7      | Reached skill level 4 in Armour
  5064 | D:7      | Reached skill level 4 in Shields
  5064 | D:7      | Reached skill level 4 in Unarmed Combat
  5064 | D:7      | Reached skill level 4 in Transmutations
  5064 | D:7      | Reached skill level 4 in Evocations
  5099 | D:7      | Noticed Menkaure
  5108 | Temple   | Entered the Ecumenical Temple
  5260 | Temple   | Became a worshipper of Ashenzari the Shackled
  5268 | D:7      | Killed Menkaure
  5273 | D:7      | Reached skill level 6 in Stealth
  5871 | D:8      | Identified the ring of Jexabb {rPois MR+ Dex+4}
  5961 | D:8      | Reached skill level 5 in Invocations
  6200 | D:8      | Reached XP level 10. HP: 70/73 MP: 13/20
  6203 | D:8      | Reached skill level 7 in Spellcasting
  6277 | D:9      | Reached skill level 4 in Conjurations
  6277 | D:9      | Reached skill level 4 in Hexes
  6277 | D:9      | Reached skill level 4 in Charms
  6277 | D:9      | Reached skill level 4 in Summonings
  6277 | D:9      | Reached skill level 4 in Necromancy
  6277 | D:9      | Reached skill level 4 in Translocations
  6277 | D:9      | Reached skill level 4 in Fire Magic
  6277 | D:9      | Reached skill level 4 in Ice Magic
  6277 | D:9      | Reached skill level 4 in Air Magic
  6277 | D:9      | Reached skill level 4 in Earth Magic
  6284 | D:9      | Reached skill level 5 in Fighting
  6284 | D:9      | Reached skill level 5 in Short Blades
  6284 | D:9      | Reached skill level 5 in Long Blades
  6284 | D:9      | Reached skill level 5 in Axes
  6284 | D:9      | Reached skill level 5 in Maces & Flails
  6284 | D:9      | Reached skill level 5 in Polearms
  6284 | D:9      | Reached skill level 5 in Staves
  6284 | D:9      | Reached skill level 5 in Slings
  6284 | D:9      | Reached skill level 5 in Bows
  6284 | D:9      | Reached skill level 5 in Crossbows
  6284 | D:9      | Reached skill level 5 in Throwing
  6284 | D:9      | Reached skill level 5 in Armour
  6284 | D:9      | Reached skill level 5 in Shields
  6284 | D:9      | Reached skill level 5 in Unarmed Combat
  6284 | D:9      | Reached skill level 5 in Evocations
  6321 | D:9      | Learned a level 4 spell: Petrify
  6392 | D:9      | Reached skill level 7 in Poison Magic
  6487 | D:9      | Reached skill level 7 in Dodging
  6790 | D:10     | Entered Level 10 of the Dungeon
  6790 | D:10     | Noticed a two-headed ogre
  6802 | D:10     | Killed a two-headed ogre
  6802 | D:10     | Reached skill level 5 in Transmutations
  7048 | D:10     | Reached skill level 6 in Invocations
  7055 | D:10     | Reached * piety under Ashenzari
  7056 | D:10     | Found Kauvuwk's Antique Weapon Emporium.
  7156 | D:10     | Reached skill level 7 in Stealth
  7179 | D:10     | Reached XP level 11. HP: 73/81 MP: 6/22
  7727 | D:10     | Killed an unseen horror
  7936 | D:11     | Found a portal to a secret trove of treasure.
  7938 | D:11     | Noticed a two-headed ogre
  7941 | D:11     | Killed a two-headed ogre
  7941 | D:11     | Reached skill level 6 in Fighting
  7941 | D:11     | Reached skill level 6 in Short Blades
  7941 | D:11     | Reached skill level 6 in Long Blades
  7941 | D:11     | Reached skill level 6 in Axes
  7941 | D:11     | Reached skill level 6 in Maces & Flails
  7941 | D:11     | Reached skill level 6 in Polearms
  7941 | D:11     | Reached skill level 6 in Staves
  7941 | D:11     | Reached skill level 6 in Slings
  7941 | D:11     | Reached skill level 6 in Bows
  7941 | D:11     | Reached skill level 6 in Crossbows
  7941 | D:11     | Reached skill level 6 in Throwing
  7941 | D:11     | Reached skill level 6 in Armour
  7941 | D:11     | Reached skill level 6 in Shields
  7941 | D:11     | Reached skill level 6 in Unarmed Combat
  7941 | D:11     | Reached skill level 5 in Conjurations
  7941 | D:11     | Reached skill level 5 in Hexes
  7941 | D:11     | Reached skill level 5 in Charms
  7941 | D:11     | Reached skill level 5 in Summonings
  7941 | D:11     | Reached skill level 5 in Necromancy
  7941 | D:11     | Reached skill level 5 in Translocations
  7941 | D:11     | Reached skill level 5 in Fire Magic
  7941 | D:11     | Reached skill level 5 in Ice Magic
  7941 | D:11     | Reached skill level 5 in Air Magic
  7941 | D:11     | Reached skill level 5 in Earth Magic
  7941 | D:11     | Reached skill level 6 in Evocations
  7973 | D:11     | Reached skill level 8 in Spellcasting
  8115 | D:11     | Killed an unseen horror
  8461 | D:11     | Reached skill level 7 in Invocations
  8463 | D:11     | Found a staircase to the Lair.
  8540 | D:11     | Learned a level 1 spell: Apportation
  8546 | D:11     | Learned a level 5 spell: Yara's Violent Unravelling
  8660 | D:11     | Noticed Maurice
  8661 | D:11     | Noticed a manticore
  8665 | D:11     | Killed a manticore
  8665 | D:11     | Reached skill level 8 in Dodging
  8667 | D:11     | Killed Maurice
  8911 | D:12     | Noticed a seven-headed hydra
  9127 | D:12     | Noticed a cyan ugly thing
  9139 | D:12     | Killed a brown ugly thing
  9139 | D:12     | Reached skill level 8 in Stealth
  9139 | D:12     | Reached skill level 6 in Transmutations
  9213 | D:11     | Killed a seven-headed hydra
  9213 | D:11     | Reached XP level 12. HP: 62/89 MP: 8/24
  9246 | D:12     | Reached skill level 8 in Poison Magic
  9634 | D:12     | Found a staircase to the Orcish Mines.
  9730 | D:12     | Reached skill level 7 in Fighting
  9730 | D:12     | Reached skill level 7 in Short Blades
  9730 | D:12     | Reached skill level 7 in Long Blades
  9730 | D:12     | Reached skill level 7 in Axes
  9730 | D:12     | Reached skill level 7 in Maces & Flails
  9730 | D:12     | Reached skill level 7 in Polearms
  9730 | D:12     | Reached skill level 7 in Staves
  9730 | D:12     | Reached skill level 7 in Slings
  9730 | D:12     | Reached skill level 7 in Bows
  9730 | D:12     | Reached skill level 7 in Crossbows
  9730 | D:12     | Reached skill level 7 in Throwing
  9730 | D:12     | Reached skill level 7 in Armour
  9730 | D:12     | Reached skill level 7 in Shields
  9730 | D:12     | Reached skill level 7 in Unarmed Combat
  9730 | D:12     | Reached skill level 7 in Evocations
 10057 | Orc:1    | Entered Level 1 of the Orcish Mines
 10083 | Orc:1    | Found a dark tunnel.
 10094 | Volcano  | Entered a volcano
 10102 | Volcano  | Reached skill level 6 in Conjurations
 10102 | Volcano  | Reached skill level 6 in Hexes
 10102 | Volcano  | Reached skill level 6 in Charms
 10102 | Volcano  | Reached skill level 6 in Summonings
 10102 | Volcano  | Reached skill level 6 in Necromancy
 10102 | Volcano  | Reached skill level 6 in Translocations
 10102 | Volcano  | Reached skill level 6 in Fire Magic
 10102 | Volcano  | Reached skill level 6 in Ice Magic
 10102 | Volcano  | Reached skill level 6 in Air Magic
 10102 | Volcano  | Reached skill level 6 in Earth Magic
 10126 | Volcano  | Reached skill level 8 in Invocations
 10150 | Volcano  | Reached skill level 9 in Spellcasting
 10152 | Volcano  | Paralysed by a wizard for 7 turns
 10809 | Orc:1    | Reached skill level 9 in Dodging
 10814 | Orc:1    | Noticed an orc high priest
 10818 | Orc:1    | Killed an orc high priest
 11152 | Orc:2    | Entered Level 2 of the Orcish Mines
 11157 | Orc:2    | Reached XP level 13. HP: 98/98 MP: 14/26
 11160 | Orc:2    | Noticed Donald
 11416 | Orc:2    | Killed Donald
 11416 | Orc:2    | Reached skill level 9 in Stealth
 11529 | Orc:2    | Reached skill level 7 in Transmutations
 11580 | Orc:2    | Reached skill level 8 in Fighting
 11580 | Orc:2    | Reached skill level 8 in Short Blades
 11580 | Orc:2    | Reached skill level 8 in Long Blades
 11580 | Orc:2    | Reached skill level 8 in Axes
 11580 | Orc:2    | Reached skill level 8 in Maces & Flails
 11580 | Orc:2    | Reached skill level 8 in Polearms
 11580 | Orc:2    | Reached skill level 8 in Staves
 11580 | Orc:2    | Reached skill level 8 in Slings
 11580 | Orc:2    | Reached skill level 8 in Bows
 11580 | Orc:2    | Reached skill level 8 in Crossbows
 11580 | Orc:2    | Reached skill level 8 in Throwing
 11580 | Orc:2    | Reached skill level 8 in Armour
 11580 | Orc:2    | Reached skill level 8 in Shields
 11580 | Orc:2    | Reached skill level 8 in Unarmed Combat
 11580 | Orc:2    | Reached skill level 8 in Evocations
 11835 | Orc:2    | Noticed an orc warlord
 11858 | Orc:2    | Killed an orc warlord
 12287 | Orc:2    | Reached skill level 9 in Invocations
 12395 | Orc:2    | Found a roughly hewn altar of Beogh.
 12400 | Orc:2    | Found Pyami's Antique Weapon Boutique.
 12403 | Orc:2    | Found Cietag's Jewellery Boutique.
 12410 | Orc:2    | Found Zaruwuotz's Antique Armour Boutique.
 12421 | Orc:2    | Found Cusas's General Store.
 12768 | Orc:2    | Found a staircase to the Elven Halls.
 12926 | Lair:1   | Entered Level 1 of the Lair of Beasts
 12926 | Lair:1   | Reached ** piety under Ashenzari
 12954 | Lair:1   | Learned a level 2 spell: Blink
 13249 | Lair:1   | Reached skill level 7 in Conjurations
 13249 | Lair:1   | Reached skill level 7 in Hexes
 13249 | Lair:1   | Reached skill level 7 in Charms
 13249 | Lair:1   | Reached skill level 7 in Summonings
 13249 | Lair:1   | Reached skill level 7 in Necromancy
 13249 | Lair:1   | Reached skill level 7 in Translocations
 13249 | Lair:1   | Reached skill level 7 in Fire Magic
 13249 | Lair:1   | Reached skill level 7 in Ice Magic
 13249 | Lair:1   | Reached skill level 7 in Air Magic
 13249 | Lair:1   | Reached skill level 7 in Earth Magic
 13249 | Lair:1   | Reached skill level 9 in Poison Magic
 14003 | Lair:2   | Reached *** piety under Ashenzari
 14331 | Lair:3   | Reached skill level 10 in Spellcasting
 14340 | Lair:3   | Noticed Fannar
 14351 | Lair:3   | Killed Fannar
 14351 | Lair:3   | Reached XP level 14. HP: 106/106 MP: 19/28
 14525 | Lair:3   | Noticed Rupert
 14551 | Lair:3   | Killed Rupert
 14551 | Lair:3   | Reached skill level 10 in Dodging
 14840 | Lair:3   | Reached skill level 9 in Fighting
 14840 | Lair:3   | Reached skill level 9 in Short Blades
 14840 | Lair:3   | Reached skill level 9 in Long Blades
 14840 | Lair:3   | Reached skill level 9 in Axes
 14840 | Lair:3   | Reached skill level 9 in Maces & Flails
 14840 | Lair:3   | Reached skill level 9 in Polearms
 14840 | Lair:3   | Reached skill level 9 in Staves
 14840 | Lair:3   | Reached skill level 9 in Slings
 14840 | Lair:3   | Reached skill level 9 in Bows
 14840 | Lair:3   | Reached skill level 9 in Crossbows
 14840 | Lair:3   | Reached skill level 9 in Throwing
 14840 | Lair:3   | Reached skill level 9 in Armour
 14840 | Lair:3   | Reached skill level 9 in Shields
 14840 | Lair:3   | Reached skill level 9 in Unarmed Combat
 14840 | Lair:3   | Reached skill level 9 in Evocations
 14857 | Lair:3   | Found a hole to the Spider Nest.
 14892 | Lair:3   | Found a blossoming altar of Fedhas.
 15462 | Lair:4   | Found a staircase to the Swamp.
 15485 | Lair:4   | Reached skill level 10 in Stealth
 15600 | Lair:4   | Reached **** piety under Ashenzari
 16287 | Lair:5   | Reached skill level 8 in Transmutations
 16290 | Lair:5   | Reached skill level 10 in Invocations
 16533 | Lair:5   | Found a viscous altar of Jiyva.
 16539 | Lair:5   | Found a staircase to the Slime Pits.
 17252 | Lair:6   | Entered Level 6 of the Lair of Beasts
 17558 | Lair:6   | Reached skill level 8 in Conjurations
 17558 | Lair:6   | Reached skill level 8 in Hexes
 17558 | Lair:6   | Reached skill level 8 in Charms
 17558 | Lair:6   | Reached skill level 8 in Summonings
 17558 | Lair:6   | Reached skill level 8 in Necromancy
 17558 | Lair:6   | Reached skill level 8 in Translocations
 17558 | Lair:6   | Reached skill level 8 in Fire Magic
 17558 | Lair:6   | Reached skill level 8 in Ice Magic
 17558 | Lair:6   | Reached skill level 8 in Air Magic
 17558 | Lair:6   | Reached skill level 8 in Earth Magic
 17565 | Lair:6   | Reached XP level 15. HP: 35/114 MP: 5/29
 19407 | D:7      | Killed grouchysmurf's ghost
 19407 | D:7      | Reached skill level 11 in Spellcasting
 19599 | D:13     | Reached skill level 10 in Poison Magic
 20011 | D:13     | Reached skill level 10 in Fighting
 20011 | D:13     | Reached skill level 10 in Short Blades
 20011 | D:13     | Reached skill level 10 in Long Blades
 20011 | D:13     | Reached skill level 10 in Axes
 20011 | D:13     | Reached skill level 10 in Maces & Flails
 20011 | D:13     | Reached skill level 10 in Polearms
 20011 | D:13     | Reached skill level 10 in Staves
 20011 | D:13     | Reached skill level 10 in Slings
 20011 | D:13     | Reached skill level 10 in Bows
 20011 | D:13     | Reached skill level 10 in Crossbows
 20011 | D:13     | Reached skill level 10 in Throwing
 20011 | D:13     | Reached skill level 10 in Armour
 20011 | D:13     | Reached skill level 10 in Shields
 20011 | D:13     | Reached skill level 10 in Unarmed Combat
 20011 | D:13     | Reached skill level 10 in Evocations
 20552 | D:13     | Found a gate to the Vaults.
 20601 | D:13     | Reached skill level 11 in Dodging
 20967 | D:13     | Found the +8 longbow "Zephyr" {speed, Dex+3 SInv}
 21291 | D:14     | Reached ***** piety under Ashenzari
 21380 | D:14     | Reached skill level 11 in Invocations
 21525 | D:14     | Reached skill level 11 in Stealth
 21836 | D:14     | Reached skill level 9 in Transmutations
 22024 | D:14     | Found Efufij's Gadget Boutique.
 22130 | D:14     | Reached XP level 16. HP: 106/122 MP: 31/31
 22344 | D:15     | Entered Level 15 of the Dungeon
 22354 | D:15     | Found a frozen archway.
 22362 | D:15     | Noticed Azrael
 22385 | D:15     | Killed Azrael
 22440 | IceCv    | Entered an ice cave
 23016 | IceCv    | Got the cursed ice dragon scales "Dacaf" {*Corrode rPois
                  | rF- rC++ Int+4}
 23087 | D:15     | Found a staircase to the Depths.
 23192 | D:15     | Reached skill level 9 in Conjurations
 23192 | D:15     | Reached skill level 9 in Hexes
 23192 | D:15     | Reached skill level 9 in Charms
 23192 | D:15     | Reached skill level 9 in Summonings
 23192 | D:15     | Reached skill level 9 in Necromancy
 23192 | D:15     | Reached skill level 9 in Translocations
 23192 | D:15     | Reached skill level 9 in Fire Magic
 23192 | D:15     | Reached skill level 9 in Ice Magic
 23192 | D:15     | Reached skill level 9 in Air Magic
 23192 | D:15     | Reached skill level 9 in Earth Magic
 26108 | Spider:1 | Entered Level 1 of the Spider Nest
 26910 | Spider:2 | Reached skill level 11 in Fighting
 26910 | Spider:2 | Reached skill level 11 in Short Blades
 26910 | Spider:2 | Reached skill level 11 in Long Blades
 26910 | Spider:2 | Reached skill level 11 in Axes
 26910 | Spider:2 | Reached skill level 11 in Maces & Flails
 26910 | Spider:2 | Reached skill level 11 in Polearms
 26910 | Spider:2 | Reached skill level 11 in Staves
 26910 | Spider:2 | Reached skill level 11 in Slings
 26910 | Spider:2 | Reached skill level 11 in Bows
 26910 | Spider:2 | Reached skill level 11 in Crossbows
 26910 | Spider:2 | Reached skill level 11 in Throwing
 26910 | Spider:2 | Reached skill level 11 in Armour
 26910 | Spider:2 | Reached skill level 11 in Shields
 26910 | Spider:2 | Reached skill level 11 in Unarmed Combat
 26910 | Spider:2 | Reached skill level 11 in Evocations
 26958 | Spider:2 | Reached skill level 12 in Spellcasting
 26962 | Spider:2 | Reached XP level 17. HP: 125/131 MP: 3/33
 27145 | Spider:2 | Reached skill level 12 in Invocations
 27665 | Spider:3 | HP: 6/131 [poisoned by an emperor scorpion]
 27671 | Spider:3 | HP: 3/131 [poisoned by an emperor scorpion]
 27676 | Spider:3 | HP: 1/131 [poisoned by an emperor scorpion]
 27681 | Spider:3 | HP: 1/131 [poisoned by an emperor scorpion]
 27688 | Spider:3 | HP: 1/131 [poisoned by an emperor scorpion]
 27696 | Spider:3 | HP: 2/131 [poisoned by an emperor scorpion]
 28137 | Spider:3 | Reached skill level 12 in Dodging
 29139 | Spider:4 | Entered Level 4 of the Spider Nest
 29158 | Spider:4 | Reached skill level 11 in Poison Magic
 29194 | Spider:4 | Reached skill level 12 in Stealth
 29233 | Spider:4 | Identified the cursed ring of Duzepp {AC-2 Int+3}
 29552 | Spider:4 | Reached skill level 10 in Transmutations
 30939 | Spider:4 | Reached skill level 10 in Conjurations
 30939 | Spider:4 | Reached skill level 10 in Hexes
 30939 | Spider:4 | Reached skill level 10 in Charms
 30939 | Spider:4 | Reached skill level 10 in Summonings
 30939 | Spider:4 | Reached skill level 10 in Necromancy
 30939 | Spider:4 | Reached skill level 10 in Translocations
 30939 | Spider:4 | Reached skill level 10 in Fire Magic
 30939 | Spider:4 | Reached skill level 10 in Ice Magic
 30939 | Spider:4 | Reached skill level 10 in Air Magic
 30939 | Spider:4 | Reached skill level 10 in Earth Magic
 30944 | Spider:4 | Got a gossamer rune of Zot
 31272 | Swamp:1  | Entered Level 1 of the Swamp
 31508 | Swamp:1  | Reached XP level 18. HP: 120/139 MP: 34/34
 31733 | Swamp:1  | Noticed Roxanne
 32576 | Swamp:1  | Killed Roxanne
 32585 | Swamp:1  | Learned a level 5 spell: Irradiate
 32836 | Swamp:2  | Found the +8 frozen axe "Frostbite" {freezing cloud, *Noise
                  | +Fly rC+}
 32852 | Swamp:2  | Noticed Kirke
 32880 | Swamp:2  | Killed Kirke
 33139 | Swamp:2  | Reached skill level 12 in Fighting
 33139 | Swamp:2  | Reached skill level 12 in Short Blades
 33139 | Swamp:2  | Reached skill level 12 in Long Blades
 33139 | Swamp:2  | Reached skill level 12 in Axes
 33139 | Swamp:2  | Reached skill level 12 in Maces & Flails
 33139 | Swamp:2  | Reached skill level 12 in Polearms
 33139 | Swamp:2  | Reached skill level 12 in Staves
 33139 | Swamp:2  | Reached skill level 12 in Slings
 33139 | Swamp:2  | Reached skill level 12 in Bows
 33139 | Swamp:2  | Reached skill level 12 in Crossbows
 33139 | Swamp:2  | Reached skill level 12 in Throwing
 33139 | Swamp:2  | Reached skill level 12 in Armour
 33139 | Swamp:2  | Reached skill level 12 in Shields
 33139 | Swamp:2  | Reached skill level 12 in Unarmed Combat
 33139 | Swamp:2  | Reached skill level 12 in Evocations
 33640 | Swamp:3  | Reached skill level 13 in Invocations
 34119 | Swamp:3  | Noticed Mara
 34138 | Swamp:3  | Noticed mopl's illusion
 34243 | Swamp:3  | Killed Mara
 34243 | Swamp:3  | Reached skill level 13 in Spellcasting
 34357 | Swamp:4  | Entered Level 4 of the Swamp
 34583 | Swamp:4  | Reached skill level 13 in Dodging
 34955 | Swamp:4  | Reached XP level 19. HP: 147/147 MP: 28/36
 34998 | Swamp:4  | Got a decaying rune of Zot
 35060 | Swamp:4  | Reached skill level 13 in Stealth
 36236 | Vaults:1 | Entered Level 1 of the Vaults
 36302 | Vaults:1 | Reached skill level 11 in Transmutations
 36354 | Vaults:1 | Reached skill level 12 in Poison Magic
 36485 | Vaults:1 | Reached ****** piety under Ashenzari
 36523 | Vaults:1 | Found a magical portal.
 37209 | WizLab   | Noticed an antique lich
 37257 | WizLab   | Killed an antique lich
 37264 | WizLab   | Identified the Reference Book on Glacial Combat Magic
 37346 | Vaults:1 | Reached skill level 11 in Conjurations
 37346 | Vaults:1 | Reached skill level 11 in Hexes
 37346 | Vaults:1 | Reached skill level 11 in Charms
 37346 | Vaults:1 | Reached skill level 11 in Summonings
 37346 | Vaults:1 | Reached skill level 11 in Necromancy
 37346 | Vaults:1 | Reached skill level 11 in Translocations
 37346 | Vaults:1 | Reached skill level 11 in Fire Magic
 37346 | Vaults:1 | Reached skill level 11 in Ice Magic
 37346 | Vaults:1 | Reached skill level 11 in Air Magic
 37346 | Vaults:1 | Reached skill level 11 in Earth Magic
 37569 | Vaults:1 | Learned a level 5 spell: Borgnjor's Vile Clutch
 38090 | Vaults:1 | Reached XP level 20. HP: 155/155 MP: 37/37
 38102 | Vaults:1 | Learned a level 1 spell: Summon Butterflies
 38109 | Vaults:1 | Learned a level 6 spell: Deflect Missiles
 38185 | Vaults:1 | Reached skill level 13 in Fighting
 38185 | Vaults:1 | Reached skill level 13 in Short Blades
 38185 | Vaults:1 | Reached skill level 13 in Long Blades
 38185 | Vaults:1 | Reached skill level 13 in Axes
 38185 | Vaults:1 | Reached skill level 13 in Maces & Flails
 38185 | Vaults:1 | Reached skill level 13 in Polearms
 38185 | Vaults:1 | Reached skill level 13 in Staves
 38185 | Vaults:1 | Reached skill level 13 in Slings
 38185 | Vaults:1 | Reached skill level 13 in Bows
 38185 | Vaults:1 | Reached skill level 13 in Crossbows
 38185 | Vaults:1 | Reached skill level 13 in Throwing
 38185 | Vaults:1 | Reached skill level 13 in Armour
 38185 | Vaults:1 | Reached skill level 13 in Shields
 38185 | Vaults:1 | Reached skill level 13 in Unarmed Combat
 38185 | Vaults:1 | Reached skill level 14 in Invocations
 38185 | Vaults:1 | Reached skill level 13 in Evocations
 38260 | Vaults:1 | Found Apecaesu's Weapon Shop.
 38842 | Vaults:1 | Found a roughly hewn altar of Beogh.
 39072 | Vaults:1 | Found a runed translucent gate.
 39072 | Vaults:1 | Found a runed translucent gate.
 39072 | Vaults:1 | Found a runed translucent gate.
 39075 | Vaults:1 | Noticed Pofumik's ghost (veteran MiFi)
 39087 | Vaults:1 | Identified the +0 cloak of the Loofah {+Fly rElec rN+++
                  | Int-2}
 39598 | Vaults:2 | Reached skill level 14 in Spellcasting
 40013 | Vaults:2 | Reached skill level 14 in Dodging
 40129 | Vaults:2 | Identified the amulet of the Raven {Reflect rC- rN+ MP-9
                  | Dex+8 SH+2}
 40214 | Vaults:2 | Found the +9 heavy crossbow "Sniper" {velocity, Acc+∞ SInv}
 40803 | Vaults:2 | Reached skill level 14 in Stealth
 42143 | D:4      | Bought 20 arrows for 56 gold pieces
 42143 | D:4      | Bought 15 bolts for 42 gold pieces
 42947 | Elf:1    | Entered Level 1 of the Elven Halls
 42956 | Elf:1    | Reached XP level 21. HP: 121/163 MP: 28/39
 43431 | Elf:1    | Identified a scroll of acquirement
 43464 | Elf:1    | Got the cursed plate armour of Moral Flaws {-Cast rPois
                  | rF+++ Regen+}
 43481 | Elf:1    | Identified the Almanac of Combat Magic
 44063 | Elf:2    | Reached skill level 12 in Transmutations
 44088 | Elf:2    | Found a runed translucent gate.
 44088 | Elf:2    | Found a runed translucent gate.
 44089 | Elf:2    | Found a runed translucent gate.
 44314 | Elf:2    | Learned a level 6 spell: Invisibility
 44926 | Elf:3    | Entered Level 3 of the Elven Halls
 44979 | Elf:3    | Found Wituemn's Antique Armour Shop.
 45027 | Elf:3    | Reached skill level 15 in Invocations
 45048 | Elf:3    | Reached skill level 12 in Conjurations
 45048 | Elf:3    | Reached skill level 12 in Hexes
 45048 | Elf:3    | Reached skill level 12 in Charms
 45048 | Elf:3    | Reached skill level 12 in Summonings
 45048 | Elf:3    | Reached skill level 12 in Necromancy
 45048 | Elf:3    | Reached skill level 12 in Translocations
 45048 | Elf:3    | Reached skill level 12 in Fire Magic
 45048 | Elf:3    | Reached skill level 12 in Ice Magic
 45048 | Elf:3    | Reached skill level 12 in Air Magic
 45048 | Elf:3    | Reached skill level 12 in Earth Magic
 45048 | Elf:3    | Reached skill level 13 in Poison Magic
 45288 | Elf:3    | Found a radiant altar of Vehumet.
 45465 | Elf:3    | Reached skill level 14 in Fighting
 45465 | Elf:3    | Reached skill level 14 in Short Blades
 45465 | Elf:3    | Reached skill level 14 in Long Blades
 45465 | Elf:3    | Reached skill level 14 in Axes
 45465 | Elf:3    | Reached skill level 14 in Maces & Flails
 45465 | Elf:3    | Reached skill level 14 in Polearms
 45465 | Elf:3    | Reached skill level 14 in Staves
 45465 | Elf:3    | Reached skill level 14 in Slings
 45465 | Elf:3    | Reached skill level 14 in Bows
 45465 | Elf:3    | Reached skill level 14 in Crossbows
 45465 | Elf:3    | Reached skill level 14 in Throwing
 45465 | Elf:3    | Reached skill level 14 in Armour
 45465 | Elf:3    | Reached skill level 14 in Shields
 45465 | Elf:3    | Reached skill level 14 in Unarmed Combat
 45465 | Elf:3    | Reached skill level 14 in Evocations
 45542 | Elf:3    | Identified the +2 battleaxe "Miazegg" {protect, rPois Str+4
                  | Int+5 Stlth-}
 45877 | Elf:3    | Identified the +6 great sword of Xekuma {freeze, -Tele
                  | Int+7}
 45936 | Elf:3    | Identified the +5 war axe of Duty {drain, Int+2}
 45942 | Elf:3    | Reached XP level 22. HP: 140/172 MP: 25/40
 45955 | Elf:3    | Identified the +8 rapier "Doredd" {pierce, Str+2 Stlth+}
 46254 | Elf:3    | Identified the Compendium of Lucky Unholy Secrets
 46296 | Elf:3    | Identified Ulias's Reference Book on Enhancements and the
                  | Glacier
 46360 | Elf:3    | Identified the cursed +0 pair of boots of Intercession
                  | {+Blink +Fly MP+9 Int-5}
 46621 | Lair:1   | Identified the cursed +1 ice dragon scales "Dacaf"
                  | {*Corrode rPois rF- rC++ Int+4} (You found it in an ice
                  | cave)
 46707 | Orc:2    | Bought a steaming spear for 168 gold pieces
 46707 | Orc:2    | Identified the +5 spear of Huoff {freeze, *Corrode Int+6}
                  | (You bought it in a shop on level 2 of the Orcish Mines)
 46809 | D:10     | Bought a faintly glowing trident for 229 gold pieces
 46809 | D:10     | Bought a warped scimitar for 243 gold pieces
 46809 | D:10     | Identified the +6 trident "Jegedof" {pierce, Str+2} (You
                  | bought it in a shop on level 10 of the Dungeon)
 46810 | D:10     | Identified the +12 scimitar "Erusyx" {venom, MR++ Str+2
                  | Int-2 SInv} (You bought it in a shop on level 10 of the
                  | Dungeon)
 46955 | Orc:2    | Bought a scorched chain mail for 323 gold pieces
 46965 | Orc:2    | Identified the +6 chain mail of the Guild-Master {Str+2
                  | Slay+5 Stlth+} (You bought it in a shop on level 2 of the
                  | Orcish Mines)
 47055 | Elf:3    | Bought a faintly humming chain mail for 380 gold pieces
 47055 | Elf:3    | Bought a dazzling ring mail for 360 gold pieces
 47065 | Elf:3    | Identified the +4 chain mail "Santics" {rElec rC+} (You
                  | bought it in a shop on level 3 of the Elven Halls)
 47075 | Elf:3    | Identified the +3 ring mail of Wogaeh {rN++ MR+ Str+2} (You
                  | bought it in a shop on level 3 of the Elven Halls)
 47462 | Vaults:3 | Found a flickering gateway to a bazaar.
 47485 | Bazaar   | Entered a bazaar
 47502 | Bazaar   | Found Ucargh's Food Emporium.
 47502 | Bazaar   | Found Qiutror's Assorted Antiques.
 47523 | Bazaar   | Found Gexoj's Assorted Antiques.
 47538 | Bazaar   | Found Kixtaim's Jewellery Shoppe.
 47598 | Bazaar   | Bought the ring of Xostom Xoit {+Fly rF++ rN+ MR+} for 678
                  | gold pieces
 47598 | Bazaar   | Bought the ring of Luxat {rElec Str-3 Dex+8 Slay+5} for
                  | 1675 gold pieces
 47614 | Bazaar   | Bought a scroll of teleportation for 63 gold pieces
 47614 | Bazaar   | Bought 3 scrolls of fog for 126 gold pieces
 47775 | Vaults:3 | Reached skill level 15 in Spellcasting
 48407 | Vaults:3 | Reached skill level 15 in Dodging
 48755 | Vaults:3 | Found a staircase to the Crypt.
 49094 | Vaults:3 | Reached skill level 15 in Stealth
 50153 | Vaults:4 | Reached XP level 23. HP: 179/179 MP: 42/42
 50678 | Vaults:5 | Entered Level 5 of the Vaults
 50689 | Vaults:4 | Reached skill level 16 in Invocations
 50808 | Crypt:1  | Entered Level 1 of the Crypt
 50808 | Crypt:1  | Identified the amulet of Impatience {Inacc rF+}
 50848 | Crypt:1  | Reached skill level 13 in Transmutations
 52236 | Crypt:2  | Reached skill level 15 in Fighting
 52236 | Crypt:2  | Reached skill level 15 in Short Blades
 52236 | Crypt:2  | Reached skill level 15 in Long Blades
 52236 | Crypt:2  | Reached skill level 15 in Axes
 52236 | Crypt:2  | Reached skill level 15 in Maces & Flails
 52236 | Crypt:2  | Reached skill level 15 in Polearms
 52236 | Crypt:2  | Reached skill level 15 in Staves
 52236 | Crypt:2  | Reached skill level 15 in Slings
 52236 | Crypt:2  | Reached skill level 15 in Bows
 52236 | Crypt:2  | Reached skill level 15 in Crossbows
 52236 | Crypt:2  | Reached skill level 15 in Throwing
 52236 | Crypt:2  | Reached skill level 15 in Armour
 52236 | Crypt:2  | Reached skill level 15 in Shields
 52236 | Crypt:2  | Reached skill level 15 in Unarmed Combat
 52236 | Crypt:2  | Reached skill level 15 in Evocations
 52943 | Crypt:2  | Got the spear of Fauzaaf {pierce, rF+ rN+ MR+}
 52945 | Crypt:2  | Identified the +5 spear of Fauzaaf {pierce, rF+ rN+ MR+}
                  | (You found it on level 2 of the Crypt)
 53209 | Crypt:3  | Entered Level 3 of the Crypt
 53331 | Crypt:3  | Reached skill level 13 in Conjurations
 53331 | Crypt:3  | Reached skill level 13 in Hexes
 53331 | Crypt:3  | Reached skill level 13 in Charms
 53331 | Crypt:3  | Reached skill level 13 in Summonings
 53331 | Crypt:3  | Reached skill level 13 in Necromancy
 53331 | Crypt:3  | Reached skill level 13 in Translocations
 53331 | Crypt:3  | Reached skill level 13 in Fire Magic
 53331 | Crypt:3  | Reached skill level 13 in Ice Magic
 53331 | Crypt:3  | Reached skill level 13 in Air Magic
 53331 | Crypt:3  | Reached skill level 13 in Earth Magic
 54238 | Crypt:3  | Noticed an ancient lich
 54287 | Crypt:2  | Killed an ancient lich
 54570 | Crypt:3  | Identified the ring "Vodoyrch" {rElec rC+ rN+ Dex-4}
 54627 | Crypt:3  | Reached skill level 14 in Poison Magic
 54634 | Crypt:3  | Noticed a curse toe
 54880 | Crypt:3  | Killed a curse toe
 55107 | Crypt:3  | Noticed an ancient lich
 55177 | Crypt:3  | Found an ancient bone altar of Kikubaaqudgha.
 55442 | Crypt:3  | Reached XP level 24. HP: 189/189 MP: 42/42
 55530 | Crypt:3  | Found a staircase to the Tomb.
 55613 | Crypt:3  | Identified the ring "Wikhlah" {rN+ MP+9 Str+4 SInv Stlth-}
 55614 | Crypt:3  | Identified the ring "Roeco" {rN+ Slay+3 Stlth+}
 55614 | Crypt:3  | Identified the ring of the Rabble {rPois rC++ Str-5 Dex-5
                  | Stlth+}
 55794 | Crypt:3  | Noticed an ancient lich
 55805 | Crypt:3  | Identified the Almanac of Protection
 55826 | Crypt:3  | Killed an ancient lich
 55838 | Crypt:3  | Killed an ancient lich
 55839 | Crypt:3  | HP: 4/189 [lich/bolt of lightning (33)]
 56069 | Crypt:3  | Identified the +9 ice dragon scales of Veimm {rF- rC++
                  | Str+4} (You found it on level 3 of the Crypt)
 56475 | Slime:1  | Entered Level 1 of the Pits of Slime
 56495 | Lair:5   | Reached skill level 16 in Spellcasting
 56948 | Slime:1  | Gained mutation: You tend to lose your temper in combat. [a
                  | shining eye]
 57088 | Slime:2  | Reached skill level 16 in Dodging
 57287 | Slime:5  | Entered Level 5 of the Pits of Slime
 57388 | Slime:5  | Found a viscous altar of Jiyva.
 57389 | Slime:5  | Noticed the Royal Jelly
 57403 | Slime:5  | Killed the Royal Jelly
 57403 | Slime:5  | Reached skill level 16 in Stealth
 57507 | Slime:5  | Identified the cursed -1 helmet "Qiewaemp" {rC++ Regen+
                  | Dex-4 Stlth+}
 57509 | Slime:5  | Gained mutation: Your magical capacity is low. (-10% MP) [a
                  | shining eye]
 57511 | Slime:5  | Gained mutation: You are dopey. (Int -2) [a shining eye]
 57514 | Slime:5  | Gained mutation: Armour fits poorly on your strangely
                  | shaped body. [a shining eye]
 57516 | Slime:5  | Gained mutation: Scrolls take you a little longer to read.
                  | [a shining eye]
 57519 | Slime:5  | Gained mutation: Your spells are a little easier to cast,
                  | but a little less powerful. [a shining eye]
 57636 | Slime:5  | Got a slimy rune of Zot
 57642 | Slime:5  | Identified Piqurec's Collected Works on Warped
                  | Contamination
 57673 | Slime:5  | Learned a level 3 spell: Regeneration
 57683 | Slime:5  | Identified the +3 scale mail of the Exiled Princes {rElec
                  | Str+2 Int+4} (You found it on level 5 of the Pits of Slime)
 57892 | Lair:1   | Lost mutation: Armour fits poorly on your strangely shaped
                  | body. [potion of mutation]
 57892 | Lair:1   | Lost mutation: Scrolls take you a little longer to read.
                  | [potion of mutation]
 57892 | Lair:1   | Lost mutation: You are dopey. (Int -2) [potion of mutation]
 57892 | Lair:1   | Gained mutation: You are resistant to hostile enchantments.
                  | (MR+) [potion of mutation]
 57892 | Lair:1   | Gained mutation: You are partially covered in iridescent
                  | scales. (AC +2) [potion of mutation]
 57893 | Lair:1   | Lost mutation: Your spells are a little easier to cast, but
                  | a little less powerful. [potion of mutation]
 57893 | Lair:1   | Gained mutation: You are robust. (+10% HP) [potion of
                  | mutation]
 57893 | Lair:1   | Gained mutation: You are very robust. (+20% HP) [potion of
                  | mutation]
 57907 | Lair:1   | Identified the +6 leather armour "Fyvolus" {rCorr} (You
                  | found it on level 14 of the Dungeon)
 57907 | Lair:1   | Identified the cursed +3 plate armour of Moral Flaws {-Cast
                  | rPois rF+++ Regen+} (You acquired it on level 1 of the
                  | Elven Halls)
 57907 | Lair:1   | Identified the +2 ring mail of Foolhardiness {rPois Int+3
                  | Dex-4}
 57907 | Lair:1   | Identified the +8 plate armour "Boampat" {*Slow +Blink
                  | rPois rCorr} (You found it on level 3 of the Crypt)
 57994 | Depths:1 | Entered Level 1 of the Depths
 58160 | Depths:1 | Found a gateway to Hell.
 58487 | Depths:1 | Reached skill level 17 in Invocations
 58868 | Depths:1 | Found a glowing golden altar of the Shining One.
 58868 | Depths:1 | Found a glowing silver altar of Zin.
 58868 | Depths:1 | Found a white marble altar of Elyvilon.
 58877 | Depths:1 | Reached XP level 25. HP: 236/236 MP: 39/39
 59247 | Depths:1 | Learned a level 8 spell: Controlled Blink
 59632 | Depths:2 | Reached skill level 16 in Fighting
 59632 | Depths:2 | Reached skill level 16 in Short Blades
 59632 | Depths:2 | Reached skill level 16 in Long Blades
 59632 | Depths:2 | Reached skill level 16 in Axes
 59632 | Depths:2 | Reached skill level 16 in Maces & Flails
 59632 | Depths:2 | Reached skill level 16 in Polearms
 59632 | Depths:2 | Reached skill level 16 in Staves
 59632 | Depths:2 | Reached skill level 16 in Slings
 59632 | Depths:2 | Reached skill level 16 in Bows
 59632 | Depths:2 | Reached skill level 16 in Crossbows
 59632 | Depths:2 | Reached skill level 16 in Throwing
 59632 | Depths:2 | Reached skill level 16 in Armour
 59632 | Depths:2 | Reached skill level 16 in Shields
 59632 | Depths:2 | Reached skill level 16 in Unarmed Combat
 59632 | Depths:2 | Reached skill level 16 in Evocations
 59915 | Depths:2 | Reached skill level 14 in Transmutations
 60034 | Depths:2 | Found a one-way gate to the infinite horrors of the Abyss.
 60225 | Depths:2 | Identified the +7 plate armour of Vexation {Int-3 Dex+5}
 60409 | Depths:2 | Found a one-way gate leading to the halls of Pandemonium.
 60720 | Depths:2 | Found a shimmering altar of Xom.
 60722 | Depths:2 | Found a blossoming altar of Fedhas.
 60722 | Depths:2 | Found an ancient bone altar of Kikubaaqudgha.
 60724 | Depths:2 | Found a shimmering blue altar of Sif Muna.
 60724 | Depths:2 | Found a glowing golden altar of the Shining One.
 60724 | Depths:2 | Found a shimmering altar of Xom.
 61216 | Depths:3 | Reached skill level 14 in Conjurations
 61216 | Depths:3 | Reached skill level 14 in Hexes
 61216 | Depths:3 | Reached skill level 14 in Charms
 61216 | Depths:3 | Reached skill level 14 in Summonings
 61216 | Depths:3 | Reached skill level 14 in Necromancy
 61216 | Depths:3 | Reached skill level 14 in Translocations
 61216 | Depths:3 | Reached skill level 14 in Fire Magic
 61216 | Depths:3 | Reached skill level 14 in Ice Magic
 61216 | Depths:3 | Reached skill level 14 in Air Magic
 61216 | Depths:3 | Reached skill level 14 in Earth Magic
 61849 | Depths:3 | Gained mutation: You are occasionally teleported next to
                  | monsters. [a neqoxec]
 62460 | Depths:4 | Reached XP level 26. HP: 236/247 MP: 39/39
 62572 | Depths:4 | Reached skill level 17 in Spellcasting
 62826 | Depths:4 | Reached skill level 15 in Poison Magic
 62916 | Depths:4 | Noticed the Enchantress
 62920 | Depths:4 | Killed the Enchantress
 63030 | Depths:4 | Reached skill level 17 in Dodging
 63353 | Depths:4 | Identified the +6 flail of Edano {speed, +Fly}
 63367 | Depths:4 | Reached skill level 17 in Stealth
 63576 | Depths:4 | Identified the +7 chain mail of the Original Sin {rCorr
                  | Int-4 Dex+4}
 63776 | Depths:4 | Found a bloodstained altar of Trog.
 64140 | Depths:5 | Entered Level 5 of the Depths
 64286 | Depths:5 | Found a gate to the Realm of Zot.
 64323 | Depths:5 | Reached skill level 18 in Invocations
 64621 | Depths:5 | Noticed a juggernaut
 64640 | Depths:5 | Killed a juggernaut
 65134 | Depths:5 | Identified the cursed +5 crystal plate armour of the Clam
                  | {rN+} (You acquired it on level 5 of the Depths)
 65273 | Depths:5 | Identified the +4 scale mail "Qesono" {rN+ Str+5}
 65275 | Depths:5 | Found a gateway to a ziggurat.
 65441 | Depths:5 | Reached skill level 17 in Fighting
 65441 | Depths:5 | Reached skill level 17 in Short Blades
 65441 | Depths:5 | Reached skill level 17 in Long Blades
 65441 | Depths:5 | Reached skill level 17 in Axes
 65441 | Depths:5 | Reached skill level 17 in Maces & Flails
 65441 | Depths:5 | Reached skill level 17 in Polearms
 65441 | Depths:5 | Reached skill level 17 in Staves
 65441 | Depths:5 | Reached skill level 17 in Slings
 65441 | Depths:5 | Reached skill level 17 in Bows
 65441 | Depths:5 | Reached skill level 17 in Crossbows
 65441 | Depths:5 | Reached skill level 17 in Throwing
 65441 | Depths:5 | Reached skill level 17 in Armour
 65441 | Depths:5 | Reached skill level 17 in Shields
 65441 | Depths:5 | Reached skill level 17 in Unarmed Combat
 65441 | Depths:5 | Reached skill level 17 in Evocations
 65441 | Depths:5 | Reached XP level 27. HP: 228/256 MP: 40/40
 65511 | Depths:5 | Found Vaito's General Store.
 65525 | Depths:5 | Bought a scroll of vulnerability for 97 gold pieces
 65525 | Depths:5 | Bought the +8 demon blade "Bloodbane" {slice, *Rage +Rage
                  | Stlth-} for 903 gold pieces
 65525 | Depths:5 | Found the +8 demon blade "Bloodbane" {slice, *Rage +Rage
                  | Stlth-}
 65889 | Depths:4 | Voluntarily entered the Abyss.
 66127 | Abyss:3  | Noticed an ancient lich
 66143 | Abyss:3  | Killed an ancient lich
 66470 | Abyss:3  | Gained mutation: Scrolls take you a little longer to read.
                  | [a neqoxec]
 66947 | Abyss:5  | Entered Level 5 of the Abyss
 66978 | Abyss:5  | Found a basalt altar of Yredelemnul.
 67041 | Abyss:5  | Reached skill level 15 in Transmutations
 67344 | Depths:4 | Escaped the Abyss
 67468 | Depths:4 | Voluntarily entered the Abyss.
 67605 | Abyss:2  | Found an opulent altar of Gozag.
 67995 | Abyss:2  | Reached skill level 15 in Conjurations
 67995 | Abyss:2  | Reached skill level 15 in Hexes
 67995 | Abyss:2  | Reached skill level 15 in Charms
 67995 | Abyss:2  | Reached skill level 15 in Summonings
 67995 | Abyss:2  | Reached skill level 15 in Necromancy
 67995 | Abyss:2  | Reached skill level 15 in Translocations
 67995 | Abyss:2  | Reached skill level 15 in Fire Magic
 67995 | Abyss:2  | Reached skill level 15 in Ice Magic
 67995 | Abyss:2  | Reached skill level 15 in Air Magic
 67995 | Abyss:2  | Reached skill level 15 in Earth Magic
 68454 | Abyss:4  | Reached skill level 18 in Spellcasting
 68480 | Abyss:5  | Entered Level 5 of the Abyss
 68492 | Depths:4 | Escaped the Abyss
 68540 | Depths:4 | Voluntarily entered the Abyss.
 69145 | Abyss:3  | Reached skill level 18 in Dodging
 69331 | Abyss:3  | Paralysed by accursed screaming for 2 turns
 69336 | Abyss:3  | Got an abyssal rune of Zot
 69505 | Depths:4 | Escaped the Abyss
 69743 | Vaults:1 | Lost mutation: Your magical capacity is extremely low.
                  | (-30% MP) [the power of Zot]
 69835 | Vaults:1 | Killed Pofumik's ghost
 69835 | Vaults:1 | Reached skill level 18 in Stealth
 70038 | Lair:1   | Lost mutation: Scrolls take you a little longer to read.
                  | [potion of mutation]
 70038 | Lair:1   | Lost mutation: You are very robust. (+20% HP) [potion of
                  | mutation]
 70038 | Lair:1   | Lost mutation: You are partially covered in iridescent
                  | scales. (AC +2) [potion of mutation]
 70038 | Lair:1   | Lost mutation: You tend to lose your temper in combat.
                  | [potion of mutation]
 70038 | Lair:1   | Gained mutation: You are partially covered in yellow
                  | scales. (AC +2) [potion of mutation]
 70039 | Lair:1   | Lost mutation: You are robust. (+10% HP) [potion of
                  | mutation]
 70039 | Lair:1   | Lost mutation: You are resistant to hostile enchantments.
                  | (MR+) [potion of mutation]
 70039 | Lair:1   | Lost mutation: You are partially covered in yellow scales.
                  | (AC +2) [potion of mutation]
 70039 | Lair:1   | Gained mutation: You are partially covered in rugged brown
                  | scales. (AC +1, +3% HP) [potion of mutation]
 70039 | Lair:1   | Gained mutation: Your mind is acute. (Int +2) [potion of
                  | mutation]
 70039 | Lair:1   | Gained mutation: You passively map a small area around you.
                  | [potion of mutation]
 70040 | Lair:1   | Lost mutation: Your mind is acute. (Int +2) [potion of
                  | mutation]
 70040 | Lair:1   | Lost mutation: You are occasionally teleported next to
                  | monsters. [potion of mutation]
 70040 | Lair:1   | Gained mutation: Armour fits poorly on your strangely
                  | shaped body. [potion of mutation]
 70040 | Lair:1   | Gained mutation: Your muscles are strong. (Str +2) [potion
                  | of mutation]
 70040 | Lair:1   | Gained mutation: You expend magic power (3 MP) to
                  | strengthen your wands. [potion of mutation]
 70040 | Lair:1   | Gained mutation: Your movements are slightly less
                  | encumbered by armour. (ER -2) [potion of mutation]
 70140 | Depths:1 | Reached skill level 19 in Invocations
 70424 | D:11     | You paid a toll of a +8 demon blade to enter a treasure
                  | trove
 70425 | Trove    | Entered a treasure trove
 70545 | D:11     | Reached skill level 16 in Poison Magic
 70752 | Vaults:5 | Noticed Jory
 70766 | Vaults:5 | Identified the +9 mace "Weusit Epri" {holy, rElec rN+
                  | Int+5}
 70917 | Vaults:5 | Killed Jory
 71212 | Vaults:5 | Reached skill level 18 in Crossbows
 71247 | Vaults:5 | Identified the +1 hand crossbow of Reinforcement {velocity,
                  | rElec rC+ Dex+6}
 71584 | Vaults:5 | Reached skill level 18 in Fighting
 71584 | Vaults:5 | Reached skill level 18 in Short Blades
 71584 | Vaults:5 | Reached skill level 18 in Long Blades
 71584 | Vaults:5 | Reached skill level 18 in Axes
 71584 | Vaults:5 | Reached skill level 18 in Maces & Flails
 71584 | Vaults:5 | Reached skill level 18 in Polearms
 71584 | Vaults:5 | Reached skill level 18 in Staves
 71584 | Vaults:5 | Reached skill level 18 in Slings
 71584 | Vaults:5 | Reached skill level 18 in Bows
 71584 | Vaults:5 | Reached skill level 18 in Throwing
 71584 | Vaults:5 | Reached skill level 18 in Armour
 71584 | Vaults:5 | Reached skill level 18 in Shields
 71584 | Vaults:5 | Reached skill level 18 in Unarmed Combat
 71584 | Vaults:5 | Reached skill level 18 in Evocations
 72027 | Vaults:5 | Identified the +9 hand axe of the Omega Point {freeze,
                  | Int+4}
 72027 | Vaults:5 | Identified the ring of Laphar {Str+3 Int+4}
 72260 | Vaults:5 | Got a silver rune of Zot
 72417 | Vaults:5 | Identified the +9 glaive of Disharmony {venom, +Blink Str+2
                  | Int+2}
 73204 | Zot:1    | Entered Level 1 of the Realm of Zot
 73233 | Zot:1    | Noticed an orb of fire
 73262 | Zot:1    | Killed an orb of fire
 73406 | Zot:1    | Reached skill level 16 in Transmutations
 73442 | Zot:1    | Reached skill level 19 in Crossbows
 73915 | Zot:1    | Reached skill level 19 in Spellcasting
 73915 | Zot:1    | Reached skill level 16 in Conjurations
 73915 | Zot:1    | Reached skill level 16 in Hexes
 73915 | Zot:1    | Reached skill level 16 in Charms
 73915 | Zot:1    | Reached skill level 16 in Summonings
 73915 | Zot:1    | Reached skill level 16 in Necromancy
 73915 | Zot:1    | Reached skill level 16 in Translocations
 73915 | Zot:1    | Reached skill level 16 in Fire Magic
 73915 | Zot:1    | Reached skill level 16 in Ice Magic
 73915 | Zot:1    | Reached skill level 16 in Air Magic
 73915 | Zot:1    | Reached skill level 16 in Earth Magic
 73978 | Zot:1    | Noticed an ancient lich
 73999 | Zot:1    | Killed an ancient lich
 74036 | Zot:1    | Reached skill level 19 in Dodging
 74149 | Zot:1    | Reached skill level 20 in Invocations
 74245 | Zot:1    | Reached skill level 19 in Stealth
 75256 | Zot:2    | Noticed an orb of fire
 75277 | Zot:2    | Killed an orb of fire
 75463 | Zot:2    | Identified the +1 leather armour "Ulayh" {rPois}
 75714 | Zot:2    | Reached skill level 17 in Poison Magic
 76003 | Zot:3    | Reached skill level 20 in Crossbows
 76224 | Zot:3    | Reached skill level 19 in Fighting
 76224 | Zot:3    | Reached skill level 19 in Short Blades
 76224 | Zot:3    | Reached skill level 19 in Long Blades
 76224 | Zot:3    | Reached skill level 19 in Axes
 76224 | Zot:3    | Reached skill level 19 in Maces & Flails
 76224 | Zot:3    | Reached skill level 19 in Polearms
 76224 | Zot:3    | Reached skill level 19 in Staves
 76224 | Zot:3    | Reached skill level 19 in Slings
 76224 | Zot:3    | Reached skill level 19 in Bows
 76224 | Zot:3    | Reached skill level 19 in Throwing
 76224 | Zot:3    | Reached skill level 19 in Armour
 76224 | Zot:3    | Reached skill level 19 in Shields
 76224 | Zot:3    | Reached skill level 19 in Unarmed Combat
 76224 | Zot:3    | Reached skill level 19 in Evocations
 76304 | Zot:3    | Identified the +2 helmet "Haaqietz" {rElec rF+++ Str-5
                  | Slay-4}
 77492 | Zot:4    | Learned a level 8 spell: Death's Door
 78026 | Zot:5    | Entered Level 5 of the Realm of Zot
 78950 | Depths:4 | Voluntarily entered the Abyss.
 78971 | Abyss:1  | Noticed an ancient lich
 78977 | Abyss:1  | Noticed an ancient lich
 78980 | Abyss:1  | Paralysed by accursed screaming for 1 turns
 78995 | Abyss:1  | Killed an ancient lich
 79005 | Abyss:1  | Reached skill level 21 in Crossbows
 79005 | Abyss:1  | Reached skill level 17 in Transmutations
 79015 | Abyss:1  | Killed an ancient lich
 79017 | Depths:4 | Escaped the Abyss
 79167 | Depths:4 | Voluntarily entered the Abyss.
 79290 | Depths:4 | Escaped the Abyss
 79338 | Hell     | Entered the Vestibule of Hell
 79343 | Hell     | Reached skill level 20 in Spellcasting
 79345 | Hell     | Noticed Geryon
 79354 | Hell     | Reached skill level 21 in Invocations
 79564 | Hell     | Reached skill level 20 in Dodging
 79613 | Hell     | Reached skill level 17 in Conjurations
 79613 | Hell     | Reached skill level 17 in Hexes
 79613 | Hell     | Reached skill level 17 in Charms
 79613 | Hell     | Reached skill level 17 in Summonings
 79613 | Hell     | Reached skill level 17 in Necromancy
 79613 | Hell     | Reached skill level 17 in Translocations
 79613 | Hell     | Reached skill level 17 in Fire Magic
 79613 | Hell     | Reached skill level 17 in Ice Magic
 79613 | Hell     | Reached skill level 17 in Air Magic
 79613 | Hell     | Reached skill level 17 in Earth Magic
 79751 | Hell     | Found a gateway to the decaying netherworld of Tartarus.
 79793 | Hell     | Reached skill level 20 in Stealth
 80024 | Hell     | Killed Geryon
 80213 | Hell     | Found a gateway to the freezing wastes of Cocytus.
 80410 | Hell     | Found a gateway to the Iron City of Dis.
 80483 | Hell     | Found a gateway to the ashen valley of Gehenna.
 80657 | Hell     | Upgraded the game from 0.25-a0-294-gea9b1ad378 to
                  | 0.25-a0-302-g9f758675c1
 80785 | Pan      | Entered Pandemonium
 81042 | Pan      | Noticed Icraahur the pandemonium lord
 81044 | Pan      | Got a demonic rune of Zot
 82378 | Pan      | Gained mutation: Your spells are a little easier to cast,
                  | but a little less powerful. [a neqoxec]
 82512 | Pan      | Found an exit through the horrors of the Abyss.
 82531 | Pan      | Took an exit into the Abyss.
 82531 | Abyss:1  | Escaped into the Abyss
 82537 | Depths:2 | Escaped the Abyss
 83168 | Zot:5    | Noticed an ancient lich
 83176 | Zot:5    | Killed an ancient lich
 83176 | Zot:5    | Noticed an ancient lich
 83203 | Zot:5    | Killed an ancient lich
 83228 | Zot:5    | Reached skill level 20 in Fighting
 83228 | Zot:5    | Reached skill level 20 in Short Blades
 83228 | Zot:5    | Reached skill level 20 in Long Blades
 83228 | Zot:5    | Reached skill level 20 in Axes
 83228 | Zot:5    | Reached skill level 20 in Maces & Flails
 83228 | Zot:5    | Reached skill level 20 in Polearms
 83228 | Zot:5    | Reached skill level 20 in Staves
 83228 | Zot:5    | Reached skill level 20 in Slings
 83228 | Zot:5    | Reached skill level 20 in Bows
 83228 | Zot:5    | Reached skill level 20 in Throwing
 83228 | Zot:5    | Reached skill level 20 in Armour
 83228 | Zot:5    | Reached skill level 20 in Shields
 83228 | Zot:5    | Reached skill level 20 in Unarmed Combat
 83228 | Zot:5    | Reached skill level 20 in Evocations
 83257 | Zot:5    | Noticed an ancient lich
 83259 | Zot:5    | Noticed an orb of fire
 83272 | Zot:5    | Noticed an ancient lich
 83277 | Zot:5    | Killed an ancient lich
 83277 | Zot:5    | Gained mutation: Potions are less effective at restoring
                  | your health. [an orb of fire]
 83287 | Zot:5    | Killed an orb of fire
 83287 | Zot:5    | Reached skill level 18 in Poison Magic
 83297 | Zot:5    | Noticed an ancient lich
 83315 | Zot:5    | Killed an ancient lich
 83318 | Zot:5    | Killed an ancient lich
 83362 | Zot:5    | Noticed an orb of fire
 83379 | Zot:5    | Gained mutation: Scrolls take you a little longer to read.
                  | [an orb of fire]
 83388 | Zot:5    | Killed an orb of fire
 83675 | Zot:5    | Noticed an ancient lich
 83687 | Zot:5    | Killed an ancient lich
 83946 | Zot:5    | Noticed an orb of fire
 83961 | Zot:5    | Gained mutation: Your spells are easier to cast, but less
                  | powerful. [an orb of fire]
 83964 | Zot:5    | Gained mutation: You are clumsy. (Dex -2) [an orb of fire]
 83969 | Zot:5    | Killed an orb of fire
 83982 | Zot:5    | Noticed an ancient lich
 84001 | Zot:5    | Killed an ancient lich
 84045 | Zot:5    | Noticed an orb of fire
 84052 | Zot:5    | Gained mutation: Scrolls take you longer to read. [an orb
                  | of fire]
 84059 | Zot:5    | Gained mutation: You do not regenerate when monsters are
                  | visible. [an orb of fire]
 84061 | Zot:5    | Gained mutation: You are frail. (-10% HP) [an orb of fire]
 84063 | Zot:5    | Killed an orb of fire
 84303 | Zot:5    | Lost mutation: Your muscles are strong. (Str +2) [potion of
                  | mutation]
 84303 | Zot:5    | Lost mutation: You passively map a small area around you.
                  | [potion of mutation]
 84303 | Zot:5    | Lost mutation: Your spells are easier to cast, but less
                  | powerful. [potion of mutation]
 84303 | Zot:5    | Gained mutation: You are very frail. (-20% HP) [potion of
                  | mutation]
 84303 | Zot:5    | Lost mutation: You are clumsy. (Dex -2) [potion of
                  | mutation]
 84304 | Zot:5    | Lost mutation: Your spells are a little easier to cast, but
                  | a little less powerful. [potion of mutation]
 84304 | Zot:5    | Lost mutation: Your movements are slightly less encumbered
                  | by armour. (ER -2) [potion of mutation]
 84304 | Zot:5    | Lost mutation: Scrolls take you longer to read. [potion of
                  | mutation]
 84304 | Zot:5    | Lost mutation: Armour fits poorly on your strangely shaped
                  | body. [potion of mutation]
 84304 | Zot:5    | Gained mutation: You are agile. (Dex +2) [potion of
                  | mutation]
 84305 | Zot:5    | Lost mutation: You do not regenerate when monsters are
                  | visible. [potion of mutation]
 84305 | Zot:5    | Lost mutation: You are agile. (Dex +2) [potion of mutation]
 84305 | Zot:5    | Lost mutation: You are very frail. (-20% HP) [potion of
                  | mutation]
 84305 | Zot:5    | Gained mutation: You are resistant to hostile enchantments.
                  | (MR+) [potion of mutation]
 84305 | Zot:5    | Gained mutation: You are partially covered in molten
                  | scales. (AC +2) [potion of mutation]
 84306 | Zot:5    | Lost mutation: You are frail. (-10% HP) [potion of
                  | mutation]
 84306 | Zot:5    | Lost mutation: You expend magic power (3 MP) to strengthen
                  | your wands. [potion of mutation]
 84306 | Zot:5    | Lost mutation: Potions are less effective at restoring your
                  | health. [potion of mutation]
 84306 | Zot:5    | Gained mutation: You passively map a small area around you.
                  | [potion of mutation]
 84306 | Zot:5    | Gained mutation: Your mind is acute. (Int +2) [potion of
                  | mutation]
 84306 | Zot:5    | Gained mutation: Your mind is very acute. (Int +4) [potion
                  | of mutation]
 84333 | Zot:5    | Got the Orb of Zot
 84357 | Zot:5    | Noticed a seraph
 84896 | D:$      | Escaped with the Orb!

Levels and vault maps discovered:
D:1:      tarquinn_simple_flora_water_d, layout_basic, serial_forest,
          infiniplex_forest_lined_room_, infiniplex_forest_end_2,
          infiniplex_forest_lined_corner, infiniplex_forest_end_1,
          infiniplex_forest_clump_small, infiniplex_forest_clump_tiny
D:2:      minmay_chambers_of_ones, layout_rooms, overflow_temple_1_default,
          uniq_robin
D:3:      layout_loops_ring, old_standard_altar, gammafunk_temple_overflow_claw,
          uniq_jessica, uniq_natasha
D:4:      layout_basic, serial_shops, kennysheep_mini_moat,
          nicolae_underground_beach
D:5:      layout_rooms, makhleb_blood_cavern_becter, first_ration, minivault_1,
          uniq_eustachio
D:6:      layout_cave_pools, lemuel_crystal_altar, uniq_blork_the_orc
D:7:      layout_loops_ring, minmay_temple_entry_glass,
          gammafunk_ghost_wrathful_warriors, uniq_menkaure, uniq_joseph
D:8:      layout_layer_cave, hangedman_little_slice_of_home
D:9:      layout_roguey
D:10:     layout_stronghold, serial_shops, shop
D:11:     layout_basic, david_lair_generic, nicolae_trove_entry_crossroad,
          hangedman_decor_growths, uniq_maurice
D:12:     layout_rooms, hiddenorc2_lemuel
D:13:     layout_long_grid, david_vaults_4
D:14:     layout_gridville, serial_shops, nicolae_shop_statue_plus
D:15:     grunt_enter_depths_giant_problem, layout_basic,
          portal_ice_cave_entry_imps, uniq_azrael
Temple:   minmay_freezing_vapour_temple
Lair:1:   layout_chaotic_city, nicolae_quartered_pool_little, pond
Lair:2:   layout_hall_layers, serial_bayou, serial_bayou_crossing,
          serial_bayou_pond_e, serial_bayou_shore_a, serial_bayou_ford_a,
          chequers_serial_rivers_small_b
Lair:3:   layout_regular_city, spider_nest_entry_a, minmay_holes, tgw_fedhas,
          uniq_rupert, uniq_fannar
Lair:4:   layout_regular_city, minmay_swamp_entry_worms
Lair:5:   layout_cave_pods, slime_altar_1, grunt_megastairs_5
Lair:6:   hangedman_lair_tendril_chambers, layout_misc_corridors,
          small_statue_intersection, lemuel_fruit_fields
Swamp:1:  layout_falls_marsh, nicolae_swamp_dense_foliage, swamp_pool5,
          uniq_roxanne
Swamp:2:  layout_basic_swamp, evilmike_swamp_ruin_rubble_1, swamp_pool1,
          uniq_kirke
Swamp:3:  layout_basic_swamp, evilmike_swamp_ruin_house_6, swamp_pool1,
          uniq_mara
Swamp:4:  swamp, layout_basic_swamp, swamp_pool4
Spider:1: layout_spider_delve
Spider:2: layout_spider_delve
Spider:3: layout_chambers
Spider:4: grunt_spider_rune_circles, drop_trap, nicolae_spider_cling_ruins
Slime:1:  layout_caves
Slime:2:  layout_caves
Slime:3:  layout_caves
Slime:4:  layout_caves
Slime:5
Orc:1:    layout_caves, nicolae_volcano_entry_hallway
Orc:2:    grunt_orc_cross, layout_caves, uniq_donald
Elf:1:    minmay_elf_arrival_plus, layout_gridlike, minmay_elf_annihilation,
          statue_in_the_mist_lemuel
Elf:2:    layout_rooms
Elf:3:    minmay_elf_hall_not_hex, layout_loops_cross, basic_altar,
          serial_shops, shop
Vaults:1: gammafunk_vaults_ghost_tricky_traps, v_misc_3, special_room_vaults
          [special_room_orc], vaults_room_stairs_pillars, v_alt_pattern_5,
          nicolae_vaults_three_branches, v_misc_8, hangedman_vaults_slither,
          vaults_mumra_hex, vaults_room_semicircle, v_misc_8,
          nicolae_vaults_alarming, layout_vaults_omnigrid, mu_enter_wizlab_3,
          serial_shops, nicolae_shop_stone
Vaults:2: ontoclasm_vaults_shuriken, v_misc_18, hangedman_vaults_maws,
          nicolae_vaults_specimen_jars, hangedman_vaults_capsules,
          vaults_room_octagon, nicolae_vaults_network_quinsquares
          [nicolae_vaults_network_quincunx_subvault,
          nicolae_vaults_network_quincunx_subvault,
          nicolae_vaults_network_quincunx_subvault,
          nicolae_vaults_network_quincunx_subvault], v_rooms_1,
          vaults_room_hangedman_quadrants, layout_vaults_big_room
Vaults:3: nicolae_vaults_sealed_display, v_rooms_4,
          nicolae_vaults_mini_display_case, v_rooms_4, vaults_mumra_minichess,
          minmay_crypt_entry_nasty_monster, v_pattern_1,
          nicolae_vaults_shelves_hall, v_misc_13, grunt_vaults_bifocal,
          vaults_dpeg_spiral, v_alt_pattern_4, ontoclasm_vaults_gateway,
          nicolae_vaults_ring_of_whatevers, ontoclasm_vaults_decontamination,
          vaults_room_semicircle, layout_vaults_omnicross, serial_shops,
          bzr_entry_customers
Vaults:4: vaults_room_door_ring, vaults_room_octagon, v_misc_25,
          nicolae_vaults_little_squares_2, v_misc_27, v_pattern_3,
          nicolae_vaults_twisting_passages, v_misc_17, hangedman_vaults_nodes,
          vaults_room_door_ring, vaults_room_pools, vaults_mumra_lcd,
          grunt_vaults_funnel, layout_vaults_ring
Vaults:5: serial_shops, uniq_jory
Crypt:1:  layout_catacombs
Crypt:2:  layout_basic, feat_on_display
Crypt:3:  david_glass_crypt, layout_misc_corridors, tomb_entry_simple_bobbens,
          basic_altar, hangedman_weighted_door, grunt_ministairs_10
Depths:1: layout_small_grid, pf_vacation_house_of_asmodeus,
          nicolae_two_hexagons, st_stairs_6, hallowed_hall
Depths:2: minmay_the_grid_net [minmay_the_grid_artifice,
          minmay_the_grid_spin_star, minmay_the_grid_small_cups,
          minmay_the_grid_minigrid_small, minmay_the_grid_slots,
          minmay_the_grid_prize_four_corners_diamond_a], layout_gridlike,
          abyss_entry, rand_demon_pan_entry_9, hangedman_decor_points,
          hell_entry, doesnt_xom_only_xom, minmay_staircase_windowed_small
Depths:3: hangedman_hanging_gardens, layout_cave_shapes,
          hangedman_abyss_entry_splay, corexii_leaking_fountain,
          rand_demon_pan_entry_7, hell_entry, kennysheep_generic_room_14
Depths:4: spriggan_forest, hell_entry, abyss_entry
Depths:5: grunt_zot_entry_tricorne, layout_gridville, enter_ziggurat_e,
          serial_shops, nicolae_shop_waterfront,
          grunt_hell_entry_demonic_statue, minmay_misc_feat_rugged,
          lightli_minifort
Hell
Zot:1:    ebering_greatest_show_in_zot, layout_misc_corridors,
          st_single_dragon_hoard_3
Zot:2:    layout_gridlike, hangedman_elemental_grid_stream
Zot:3:    layout_twisted_circle
Zot:4:    lemuel_draconian_sentries, layout_onion_interference
Zot:5:    layout_basic

Skill      XL: |  1  2  3  4  5  6  7  8  9 10 11 12 13 14 15 16 17 18 19 20 21 22 23 24 25 26 27 |
---------------+----------------------------------------------------------------------------------+-----
Transmutations | 2 3 4 5 6 7 8 9 10 11 12 13 14 17 | 17.8
Spellcasting   | 5 6 7 8 9 10 11 12 13 14 15 16 17 20 | 20.9
Invocations    | 1 2 3 4 5 6 7 8 9 10 11 12 13 14 15 16 17 18 21 | 21.9
Fighting       | 1 2 3 4 5 6 7 8 9 10 11 12 13 14 15 16 17 20 | 20.5
Short Blades   | 1 2 3 4 5 6 7 8 9 10 11 12 13 14 15 16 17 20 | 20.5
Long Blades    | 1 2 3 4 5 6 7 8 9 10 11 12 13 14 15 16 17 20 | 20.5
Axes           | 1 2 3 4 5 6 7 8 9 10 11 12 13 14 15 16 17 20 | 20.5
Maces & Flails | 1 2 3 4 5 6 7 8 9 10 11 12 13 14 15 16 17 20 | 20.5
Polearms       | 1 2 3 4 5 6 7 8 9 10 11 12 13 14 15 16 17 20 | 20.5
Staves         | 1 2 3 4 5 6 7 8 9 10 11 12 13 14 15 16 17 20 | 20.5
Slings         | 1 2 3 4 5 6 7 8 9 10 11 12 13 14 15 16 17 20 | 20.5
Bows           | 1 2 3 4 5 6 7 8 9 10 11 12 13 14 15 16 17 20 | 20.5
Crossbows      | 1 2 3 4 5 6 7 8 9 10 11 12 13 14 15 16 17 21 | 21.8
Throwing       | 1 2 3 4 5 6 7 8 9 10 11 12 13 14 15 16 17 20 | 20.5
Armour         | 1 2 3 4 5 6 7 8 9 10 11 12 13 14 15 16 17 20 | 20.5
Shields        | 1 2 3 4 5 6 7 8 9 10 11 12 13 14 15 16 17 20 | 20.5
Unarmed Combat | 1 2 3 4 5 6 7 8 9 10 11 12 13 14 15 16 17 20 | 20.5
Evocations     | 1 2 3 4 5 6 7 8 9 10 11 12 13 14 15 16 17 20 | 20.5
Conjurations   | 1 2 3 4 5 6 7 8 9 10 11 12 13 14 17 | 17.7
Hexes          | 1 2 3 4 5 6 7 8 9 10 11 12 13 14 17 | 17.7
Charms         | 1 2 3 4 5 6 7 8 9 10 11 12 13 14 17 | 17.7
Summonings     | 1 2 3 4 5 6 7 8 9 10 11 12 13 14 17 | 17.7
Necromancy     | 1 2 3 4 5 6 7 8 9 10 11 12 13 14 17 | 17.7
Translocations | 1 2 3 4 5 6 7 8 9 10 11 12 13 14 17 | 17.7
Fire Magic     | 1 2 3 4 5 6 7 8 9 10 11 12 13 14 17 | 17.7
Ice Magic      | 1 2 3 4 5 6 7 8 9 10 11 12 13 14 17 | 17.7
Air Magic      | 1 2 3 4 5 6 7 8 9 10 11 12 13 14 17 | 17.7
Earth Magic    | 1 2 3 4 5 6 7 8 9 10 11 12 13 14 17 | 17.7
Dodging        | 5 6 7 8 9 10 11 12 13 14 15 16 17 20 | 20.8
Stealth        | 5 6 7 8 9 10 11 12 13 14 15 16 17 20 | 20.7
Poison Magic   | 6 7 8 9 10 11 12 13 14 15 18 | 18.3

Action                   |  1- 3 |  4- 6 |  7- 9 | 10-12 | 13-15 | 16-18 | 19-21 | 22-24 | 25-27 || total
-------------------------+-------+-------+-------+-------+-------+-------+-------+-------+-------++-------
Melee: Mace              |    10 |       |       |       |       |       |       |       |       ||    10
       Dagger            |   123 |   148 |   139 |   236 |   262 |   308 |   102 |   154 |     7 ||  1479
       Bite              |    22 |    13 |    21 |    59 |    95 |   222 |   154 |    72 |   264 ||   922
       Falchion          |       |       |    27 |   134 |    17 |       |       |       |       ||   178
       Punch             |       |       |     4 |    14 |    14 |    21 |    45 |    25 |     6 ||   129
       Lajatang          |       |       |       |     7 |   511 |   923 |   574 |   125 |  1328 ||  3468
       Double sword      |       |       |       |       |       |       |   233 |    26 |    21 ||   280
       Spear             |       |       |       |       |       |       |       |    45 |       ||    45
 Fire: Longbow           |       |       |       |       |       |    54 |    77 |  1153 |  5033 ||  6317
       Heavy crossbow    |       |       |       |       |       |       |   221 |   236 |   133 ||   590
Throw: Boomerang         |       |       |       |       |     4 |     1 |    20 |       |       ||    25
       Dart              |       |       |       |       |       |       |       |     1 |       ||     1
 Cast: Sting             |    18 |     8 |     1 |       |       |     9 |       |       |       ||    36
       Poisonous Vapours |     2 |    13 |     7 |     3 |    13 |     4 |     1 |       |       ||    43
       Olgreb's Toxic Ra |       |     6 |    15 |    47 |    82 |    91 |    76 |    37 |     3 ||   357
       Mephitic Cloud    |       |       |     7 |    13 |    14 |    14 |     8 |     2 |       ||    58
       Ignite Poison     |       |       |     9 |    34 |    70 |    78 |    60 |    34 |     6 ||   291
       Petrify           |       |       |       |     2 |    66 |    49 |    26 |     4 |       ||   147
       Blink             |       |       |       |       |     2 |    13 |    10 |    20 |    41 ||    86
       Irradiate         |       |       |       |       |       |     6 |     6 |       |    24 ||    36
       Borgnjor's Vile C |       |       |       |       |       |       |    12 |     3 |     5 ||    20
       Yara's Violent Un |       |       |       |       |       |       |     2 |     1 |     3 ||     6
       Deflect Missiles  |       |       |       |       |       |       |     2 |     2 |    18 ||    22
       Summon Butterflie |       |       |       |       |       |       |     2 |       |     1 ||     3
       Apportation       |       |       |       |       |       |       |     1 |    34 |    77 ||   112
       Invisibility      |       |       |       |       |       |       |     2 |    11 |     5 ||    18
       Regeneration      |       |       |       |       |       |       |       |       |   117 ||   117
       Controlled Blink  |       |       |       |       |       |       |       |       |     3 ||     3
Invok: Curse Item        |       |       |       |     1 |     1 |     1 |       |     4 |     3 ||    10
       Scrying           |       |       |       |       |       |       |       |       |     2 ||     2
Evoke: Wand              |       |       |     3 |       |     7 |    11 |     5 |    11 |    18 ||    55
       Phial of floods   |       |       |       |       |       |       |     1 |     1 |       ||     2
       Lightning rod     |       |       |       |       |       |       |       |     1 |       ||     1
       Box of beasts     |       |       |       |       |       |       |       |       |     2 ||     2
       Lamp of fire      |       |       |       |       |       |       |       |       |     1 ||     1
  Use: Scroll            |     3 |     4 |     4 |     4 |     9 |    10 |     9 |    11 |    28 ||    82
       Potion            |       |       |       |     2 |     1 |     1 |     1 |     9 |    30 ||    44
 Stab: Sleeping          |     4 |     7 |    11 |    17 |    30 |    26 |    11 |    13 |     7 ||   126
       Confused          |       |       |     1 |     1 |     1 |       |       |       |       ||     3
       Petrified         |       |       |       |     3 |    43 |    63 |    24 |     3 |       ||   136
       Invisible         |       |       |       |     3 |       |       |     7 |    39 |    25 ||    74
       Distracted        |       |       |       |     1 |       |     4 |     6 |     2 |    13 ||    26
       Petrifying        |       |       |       |       |    13 |    14 |     7 |       |       ||    34
       Paralysed         |       |       |       |       |     8 |       |       |       |    11 ||    19
       Held in net/web   |       |       |       |       |       |     6 |       |       |       ||     6
  Eat: Chunk             |     3 |     5 |    18 |    10 |    32 |    25 |    24 |    14 |    28 ||   159
       Ration            |       |       |       |     1 |     1 |     5 |     4 |     9 |    19 ||    39
Armor: Robe              |    11 |       |       |       |       |       |       |       |       ||    11
       Animal skin       |     2 |    21 |    17 |    41 |       |       |       |       |       ||    81
       Acid dragon scale |       |       |       |    66 |   179 |   331 |   236 |   119 |       ||   931
       Ice dragon scales |       |       |       |       |       |       |       |    87 |   951 ||  1038
       Skin              |       |       |       |       |       |       |       |     3 |       ||     3
Dodge: Dodged            |    45 |    92 |    86 |   242 |   655 |  1387 |  1024 |  1016 |  3596 ||  8143
       Deflected         |       |       |       |       |       |       |     2 |    14 |   156 ||   172
Block: Other             |       |       |     6 |    48 |   120 |    69 |       |       |       ||   243
       Reflection        |       |       |       |     2 |     9 |     1 |       |       |       ||    12
       Rpst.: Falchion   |       |       |     6 |    22 |     3 |       |       |       |       ||    31
       Double sword      |       |       |       |       |       |       |    58 |     3 |     5 ||    66

Table legend:
 A = Non-vault XP
 B = Vault XP
 C = Vault XP percentage of total XP
 D = Non-vault monster count
 E = Vault monster count
 F = Vault count percentage of total count
                 A         B        C        D         E       F
            +---------+---------+-------+---------+---------+-------
      Total | 1308393 | 1021033 |  43.8 |    2135 |    1058 |  33.1
            +---------+---------+-------+---------+---------+-------
        D:1 |      21 |       0 |   0.0 |      11 |       0 |   0.0
        D:2 |     102 |      46 |  31.1 |      29 |      17 |  37.0
        D:3 |      97 |      70 |  41.9 |      14 |       2 |  12.5
        D:4 |     519 |       0 |   0.0 |      27 |       0 |   0.0
        D:5 |     424 |     254 |  37.5 |      13 |       2 |  13.3
        D:6 |     478 |      94 |  16.4 |      13 |       1 |   7.1
        D:7 |     661 |    1944 |  74.6 |      11 |       6 |  35.3
        D:8 |    1253 |     162 |  11.4 |      22 |       8 |  26.7
        D:9 |    2038 |       0 |   0.0 |      17 |       0 |   0.0
       D:10 |    4377 |       0 |   0.0 |      23 |       0 |   0.0
       D:11 |    6071 |    1217 |  16.7 |      35 |       5 |  12.5
       D:12 |    3702 |     579 |  13.5 |      31 |      32 |  50.8
       D:13 |   10844 |    1977 |  15.4 |      42 |       4 |   8.7
       D:14 |   14418 |       0 |   0.0 |      53 |       0 |   0.0
       D:15 |   27451 |    3986 |  12.7 |      57 |      16 |  21.9
     Lair:1 |    3088 |     579 |  15.8 |      14 |       8 |  36.4
     Lair:2 |    4015 |       0 |   0.0 |      14 |       0 |   0.0
     Lair:3 |    7474 |    5812 |  43.7 |      19 |       8 |  29.6
     Lair:4 |    4255 |     577 |  11.9 |      18 |       2 |  10.0
     Lair:5 |   18160 |     529 |   2.8 |      33 |       2 |   5.7
     Lair:6 |   12713 |    8994 |  41.4 |      36 |      31 |  46.3
    Swamp:1 |   15790 |    2315 |  12.8 |      38 |       4 |   9.5
    Swamp:2 |   14484 |    2882 |  16.6 |      33 |       5 |  13.2
    Swamp:3 |   15432 |   10762 |  41.1 |      36 |       4 |  10.0
    Swamp:4 |   19220 |   17348 |  47.4 |      45 |      26 |  36.6
   Spider:1 |    9916 |       0 |   0.0 |      24 |       0 |   0.0
   Spider:2 |   15582 |       0 |   0.0 |      40 |       0 |   0.0
   Spider:3 |   10235 |       0 |   0.0 |      21 |       0 |   0.0
   Spider:4 |   18433 |   21768 |  54.1 |      51 |      40 |  44.0
    Slime:1 |   11330 |       0 |   0.0 |      19 |       0 |   0.0
    Slime:2 |    6329 |       0 |   0.0 |       6 |       0 |   0.0
    Slime:3 |    5523 |       0 |   0.0 |      12 |       0 |   0.0
    Slime:4 |    2180 |       0 |   0.0 |       1 |       0 |   0.0
    Slime:5 |    7998 |   29761 |  78.8 |      16 |      15 |  48.4
      Orc:1 |    2538 |       0 |   0.0 |      26 |       0 |   0.0
      Orc:2 |    3056 |    9628 |  75.9 |      26 |      34 |  56.7
      Elf:1 |   19962 |    5756 |  22.4 |      36 |       9 |  20.0
      Elf:2 |   10590 |   24329 |  69.7 |      16 |      32 |  66.7
      Elf:3 |   18013 |   45908 |  71.8 |      29 |      32 |  52.5
   Vaults:1 |   45087 |   45053 |  50.0 |      82 |      81 |  49.7
   Vaults:2 |   23578 |   29332 |  55.4 |      38 |      45 |  54.2
   Vaults:3 |   33964 |   23414 |  40.8 |      53 |      30 |  36.1
   Vaults:4 |   23171 |   38059 |  62.2 |      34 |      45 |  57.0
   Vaults:5 |   37507 |  117291 |  75.8 |      50 |      85 |  63.0
    Crypt:1 |   23604 |       0 |   0.0 |      35 |       0 |   0.0
    Crypt:2 |   21147 |       0 |   0.0 |      26 |       0 |   0.0
    Crypt:3 |   18419 |   48314 |  72.4 |      30 |      26 |  46.4
   Depths:1 |   31447 |    7999 |  20.3 |      41 |       4 |   8.9
   Depths:2 |   45223 |   36311 |  44.5 |      57 |      37 |  39.4
   Depths:3 |   26290 |   25788 |  49.5 |      33 |      30 |  47.6
   Depths:4 |    5151 |   68931 |  93.0 |      16 |     105 |  86.8
   Depths:5 |   64263 |   35921 |  35.9 |      64 |      42 |  39.6
       Hell |   33642 |   27374 |  44.9 |      45 |      51 |  53.1
      Zot:1 |   80478 |   41369 |  34.0 |      38 |      10 |  20.8
      Zot:2 |   52933 |   16468 |  23.7 |      31 |      10 |  24.4
      Zot:3 |   66865 |       0 |   0.0 |      33 |       0 |   0.0
      Zot:4 |   38545 |   15860 |  29.2 |      24 |      10 |  29.4
      Zot:5 |   84317 |  190315 |  69.3 |      44 |      42 |  48.8
    Abyss:1 |   16914 |   24468 |  59.1 |      15 |       5 |  25.0
    Abyss:2 |   19189 |       0 |   0.0 |      28 |       0 |   0.0
    Abyss:3 |   68064 |    8752 |  11.4 |     116 |      14 |  10.8
    Abyss:4 |   22685 |    3803 |  14.4 |      53 |       8 |  13.1
    Abyss:5 |   26466 |       0 |   0.0 |      53 |       0 |   0.0
        Pan |   57854 |    3450 |   5.6 |      59 |       6 |   9.2
      IceCv |       0 |    3284 | 100.0 |       0 |      11 | 100.0
    Volcano |       0 |    6721 | 100.0 |       0 |      11 | 100.0
     WizLab |   12818 |    5479 |  29.9 |      30 |       5 |  14.3
            +---------+---------+-------+---------+---------+-------
